 Dungeon Crawl Stone Soup version 0.32-a0-702-gc29ba85809 (webtiles) character file.

Game seed: 7319660465828339124

17181285 Mousus6 the Demonic Barricade (level 27, 233/233 HPs)
             Began as a Demonspawn Alchemist on Mar 13, 2024.
             Was the Champion of Vehumet.
             Escaped with the Orb
             ... and 15 runes
             ... and 9 gems on Mar 14, 2024!
             The game lasted 06:24:27 (96553 turns).

Mousus6 the Demonic Barricade (DsAl)               Turns: 96553, Time: 06:24:28

Health: 233/233    AC: 23    Str: 10    XL:     27
Magic:  57/57      EV: 27    Int: 44    God:    Vehumet [******]
Gold:   18409      SH: 38    Dex: 21    Spells: 12/69 levels left

rFire   + + .        a - +3 greatsling "Punk" {acid, rCorr}
rCold   + + +        M - +8 tower shield {rC+ rF+}
rNeg    + + +        n - +2 robe "Xufioreq" {rElec Str-2 SInv Archmagi}
rPois   ∞            u - +1 hat of Leanuol {Harm rElec rF- Int+6}
rElec   +            (cloak unavailable)
rCorr   +            J - +1 pair of gloves "Pamay" {^Contam Harm Int+7}
SInv    +            Y - +3 pair of mountain boots {steadfast, rC+}
Will    ++++.        d - amulet of magic regeneration
Stlth   +            Z - ring of Icilagew {rF+ rC+ rCorr Str+4 Int+3}
HPRegen 0.58/turn    K - ring "Reschor" {rF+ MP+9 Int+3}
MPRegen 0.75/turn

%: harm (+45% outgoing, +30% incoming), archmagi
@: death-form, studying 5 skills
A: vile attack, torment immunity, no potions, yellow scales 3, demonic guardian
3, hurl damnation, icemail 2, torment resistance 1, condensation shield, demonic
willpower, weakness stinger 3, horns 1, agile 1
0: Orb of Zot
}: 15/15 runes: barnacled, slimy, silver, golden, iron, obsidian, icy, bone,
abyssal, demonic, glowing, magical, fiery, dark, gossamer
a: Hurl Damnation, Siphon Essence, Begin Untransformation, Renounce Religion


You escaped.
You worshipped Vehumet.
Vehumet was exalted by your worship.
You were an undying horror.
You visited 17 branches of the dungeon, and saw 87 of its levels.
You visited Pandemonium 1 time, and saw 24 of its levels.
You visited the Abyss 1 time.
You completed 1 ziggurat, and saw 27 of its levels.
You also visited: Bailey, Gauntlet, Ice Cave, Wizlab and Desolation.

You collected 20287 gold pieces.
You spent 1878 gold pieces at shops.

Inventory:

Hand Weapons
 a - the +3 greatsling "Punk" (weapon) {acid, rCorr}
   (You found it on level 5 of the Vaults)

   rCorr:     It protects you from acid and corrosion.
 b - the +2 Maxwell's thermic engine {flame, freeze, rev}
   (You found it on level 5 of the Pits of Slime)
 e - a +9 heavy quick blade
 D - the +7 hand cannon "Mule" {flame, backblast, rF+}
   (You found it on level 20 of a ziggurat)

   rF+:       It protects you from fire.
Armour
 n - the +2 robe "Xufioreq" (worn) {rElec Str-2 SInv Archmagi}
   (You found it on level 5 of the Vaults)

   Str-2:     It affects your strength (-2).
   rElec:     It insulates you from electricity.
   SInv:      It lets you see invisible.
   Archmagi:  It increases the power of your magical spells.
 u - the +1 hat of Leanuol (worn) {Harm rElec rF- Int+6}
   (You found it in a Gauntlet)

   Int+6:     It affects your intelligence (+6).
   rF-:       It makes you vulnerable to fire.
   rElec:     It insulates you from electricity.
   Harm:      It increases damage dealt and taken.
 J - the +1 pair of gloves "Pamay" (worn) {^Contam Harm Int+7}
   (You found it on level 2 of the Realm of Zot)

   Int+7:     It affects your intelligence (+7).
   ^Contam:   It causes magical contamination when unequipped.
   Harm:      It increases damage dealt and taken.
 M - a +8 tower shield of resistance (worn)
 Y - the +3 pair of mountain boots (worn) {steadfast, rC+}
   (You found it on level 3 of the Elven Halls)

   Steadfast: It prevents involuntary movement, except for blinking,
   teleportation, or banishment.
   rC+:       It protects you from cold.
Magical Staves
 q - the staff of Punishment {rC+ Int+4 Stlth+ Conj}
   (You found it on level 5 of the Pits of Slime)

   [staff of conjuration]

   Base accuracy: +5 Base damage: 5 Base attack delay: 1.2 This weapon's minimum
   attack delay (0.6) is reached at skill level 12.
   Int+4:     It affects your intelligence (+4).
   rC+:       It protects you from cold.
   Stlth+:    It makes you more stealthy.
   Conj:      It increases the power of your Conjurations spells.
   It falls into the 'Staves' category.
   It is a one-handed weapon.
 w - the staff of Yreveb {rF+ Int+4 Conj}
   (You found it on level 7 of a ziggurat)

   [staff of conjuration]

   Base accuracy: +5 Base damage: 5 Base attack delay: 1.2 This weapon's minimum
   attack delay (0.6) is reached at skill level 12.
   Int+4:     It affects your intelligence (+4).
   rF+:       It protects you from fire.
   Conj:      It increases the power of your Conjurations spells.
   It falls into the 'Staves' category.
   It is a one-handed weapon.
Jewellery
 c - the ring of Kuakalar {rC+ Will- Str+2 Int+7 SInv}
   (You found it in Pandemonium)

   [ring of protection from cold]

   Str+2:     It affects your strength (+2).
   Int+7:     It affects your intelligence (+7).
   rC+:       It protects you from cold.
   Will-:     It decreases your willpower.
   SInv:      It lets you see invisible.
 d - an amulet of magic regeneration (around neck)
 s - the amulet of Spite {Reflect Will+ Dex+4 SH+5}
   (You found it on level 5 of a ziggurat)

   [amulet of reflection]

   Reflect:   It reflects blocked missile attacks.
   Dex+4:     It affects your dexterity (+4).
   Will+:     It increases your willpower.
   SH+5:      It affects your SH (+5).
 K - the ring "Reschor" (right hand) {rF+ MP+9 Int+3}
   (You found it on level 3 of the Lair of Beasts)

   [ring of magical power]

   Int+3:     It affects your intelligence (+3).
   rF+:       It protects you from fire.
   MP+9:      It affects your magic capacity (+9).
 Z - the ring of Icilagew (left hand) {rF+ rC+ rCorr Str+4 Int+3}
   (You found it in the Desolation of Salt)

   [ring of protection from cold]

   Str+4:     It affects your strength (+4).
   Int+3:     It affects your intelligence (+3).
   rF+:       It protects you from fire.
   rC+:       It protects you from cold.
   rCorr:     It protects you from acid and corrosion.
Talismans
 p - a talisman of death (active)
Wands
 j - a wand of acid (84)
 Q - a wand of warping (105)
 S - a wand of digging (50)
Scrolls
 h - 6 scrolls of butterflies
 i - 11 scrolls of torment
 m - 9 scrolls of enchant weapon
 r - 13 scrolls of blinking
 t - 54 scrolls of teleportation
 x - 9 scrolls of vulnerability
 y - 2 scrolls of fear
 A - 14 scrolls of immolation
 B - 15 scrolls of poison
 F - a scroll of amnesia
 H - 32 scrolls of fog
 X - 7 scrolls of revelation
Potions
 f - 10 potions of ambrosia
 k - 9 potions of lignification
 l - 30 potions of mutation
 v - 32 potions of curing
 z - 25 potions of haste
 C - 11 potions of might
 E - 5 potions of resistance
 G - 11 potions of brilliance
 I - 2 potions of berserk rage
 O - 9 potions of enlightenment
 R - 7 potions of invisibility
 T - 4 potions of cancellation
 V - 8 potions of magic
 W - 21 potions of heal wounds
Miscellaneous
 g - a lightning rod (4/4)
 o - 2 +1 figurines of a ziggurat
 L - a phial of floods
 N - a phantom mirror
 P - a condenser vane
 U - a box of beasts


   Skills:
 + Level 22.4 Fighting
 - Level 12.4(15.1) Short Blades
 - Level 14.1(16.0) Long Blades
 - Level 18.0 Ranged Weapons
 + Level 20.0 Dodging
 - Level 1.7 Stealth
 O Level 27 Shields
 + Level 21.6 Spellcasting
 + Level 26.0 Conjurations
 - Level 7.3 Summonings
 - Level 8.0 Translocations
 + Level 25.4 Fire Magic
 + Level 25.4 Air Magic
 - Level 10.0 Alchemy
 + Level 13.9 Evocations
 - Level 23.0 Shapeshifting


You had 12 spell levels left.
You knew the following spells:

 Your Spells              Type           Power      Damage    Failure   Level
a - Ignition              Fire           79%        3d21      1%          8
b - Blink                 Tloc           100%       N/A       1%          2
c - Chain Lightning       Conj/Air       80%        3d106     1%          9
d - Spellforged Servitor  Conj/Summ      69%        N/A       1%          7
e - Airstrike             Air            79%        2d(12-28) 0%          4
f - Fire Storm            Conj/Fire      80%        8d20      1%          9
j - Mephitic Cloud        Conj/Alch/Air  100%       N/A       0%          3
k - Maxwell's Capacitive  Air            79%        ∞         1%          8
v - Plasma Beam           Fire/Air       79%        2x1d97    0%          6
x - Apportation           Tloc           100%       N/A       0%          1

Your spell library contained the following spells:

 Spells                   Type           Power      Damage    Failure   Level
 Foxfire                  Conj/Fire      100%       2x1d9     0%          1
 Kiss of Death            Conj/Necr      100%       2d13      0%          1
 Magic Dart               Conj           100%       1d8       0%          1
 Shock                    Conj/Air       100%       1d9       0%          1
 Sting                    Conj/Alch      100%       1d9       0%          1
 Cigotuvi's Dreadful Rot  Necr/Alch/Air  100%       N/A       0%          2
 Mercury Vapours          Alch/Air       100%       N/A       0%          2
 Momentum Strike          Conj/Tloc      100%       3d10      0%          2
 Scorch                   Fire           100%       2d9       0%          2
 Searing Ray              Conj           100%       2d8       0%          2
 Static Discharge         Conj/Air       100%       3-8/arc   0%          2
 Dazzling Flash           Conj/Hex       100%       N/A       0%          3
 Hailstorm                Conj/Ice       100%       3d16      0%          3
 Inner Flame              Hex/Fire       100%       N/A       0%          3
 Stone Arrow              Conj/Erth      100%       3d13      0%          3
 Swiftness                Air            100%       N/A       0%          3
 Volatile Blastmotes      Fire/Tloc      100%       2d18      0%          3
 Brom's Barrelling Bould  Conj/Erth      100%       2d11      0%          4
 Flame Wave               Conj/Fire      100%       2d21      0%          4
 Fulminant Prism          Conj/Alch      71%        3d30      0%          4
 Ignite Poison            Fire/Alch      100%       N/A       0%          4
 Iskenderun's Mystic Bla  Conj/Tloc      100%       2d19      0%          4
 Sticky Flame             Fire/Alch      100%       2d15      0%          4
 Summon Blazeheart Golem  Fire/Summ      100%       N/A       0%          4
 Summon Lightning Spire   Summ/Air       100%       N/A       0%          4
 Vhi's Electric Charge    Tloc/Air       100%       N/A       0%          4
 Arcjolt                  Conj/Air       80%        1d90      0%          5
 Fireball                 Conj/Fire      80%        3d30      0%          5
 Freezing Cloud           Conj/Ice/Air   69%        6-21      0%          5
 Irradiate                Conj/Alch      71%        3d35      0%          5
 Iskenderun's Battlesphe  Conj           100%       2d15      0%          5
 Conjure Ball Lightning   Conj/Air       80%        3x3d30    0%          6
 Starburst                Conj/Fire      80%        6d20      0%          6
 Orb of Destruction       Conj           80%        9d18      0%          7
 Freeze                   Ice            100%       1d10      1%          1
 Necrotise                Necr           100%       1d9       1%          1
 Sandblast                Erth           100%       2d20      1%          1
 Slow                     Hex            100%       N/A       1%          1
 Summon Small Mammal      Summ           100%       N/A       1%          1
 Call Imp                 Summ           100%       N/A       1%          2
 Ensorcelled Hibernation  Hex/Ice        100%       N/A       1%          2
 Jinxbite                 Hex            100%       N/A       1%          2
 Lesser Beckoning         Tloc           100%       N/A       1%          2
 Sublimation of Blood     Necr           63%        N/A       1%          2
 Call Canine Familiar     Summ           100%       N/A       1%          3
 Confusing Touch          Hex            63%        N/A       1%          3
 Frozen Ramparts          Ice            100%       1d16      1%          3
 Fugue of the Fallen      Necr           63%        N/A       1%          3
 Gell's Gravitas          Tloc           100%       N/A       1%          3
 Passwall                 Erth           63%        N/A       1%          3
 Sigil of Binding         Hex            63%        N/A       1%          3
 Summon Ice Beast         Ice/Summ       88%        N/A       1%          3
 Teleport Other           Tloc           100%       N/A       1%          3
 Tukima's Dance           Hex            63%        N/A       1%          3
 Vampiric Draining        Necr           63%        2d10      1%          3
 Animate Armour           Summ/Erth      100%       N/A       1%          4
 Dimensional Bullseye     Hex/Tloc       45%        N/A       1%          4
 Leda's Liquefaction      Alch/Erth      47%        N/A       1%          4
 Manifold Assault         Tloc           100%       N/A       1%          4
 Martyr's Knell           Necr/Summ      88%        N/A       1%          4
 Olgreb's Toxic Radiance  Alch           100%       N/A       1%          4
 Passage of Golubria      Tloc           100%       N/A       1%          4
 Petrify                  Alch/Erth      95%        N/A       1%          4
 Alistair's Intoxication  Alch           78%        N/A       1%          5
 Silence                  Hex/Air        63%        N/A       1%          5
 Summon Forest            Summ/Tloc      53%        N/A       1%          5
 Yara's Violent Unravell  Hex/Alch       47%        3d18      1%          5
 Bombard                  Conj/Erth      63%        9d10      1%          6
 Eringya's Noxious Bog    Alch           58%        4d6       1%          6
 Summon Mana Viper        Hex/Summ       88%        N/A       2%          5
 Dispersal                Tloc           54%        N/A       2%          6
 Lee's Rapid Deconstruct  Erth           31%        3d16*     3%          5
 Summon Cactus Giant      Summ           53%        N/A       3%          6
 Lehudib's Crystal Spear  Conj/Erth      63%        10d15     3%          8
 Anguish                  Hex/Necr       31%        N/A       4%          4
 Animate Dead             Necr           63%        N/A       4%          4
 Cause Fear               Hex            31%        N/A       4%          4
 Dispel Undead            Necr           63%        3d22      4%          4
 Sculpt Simulacrum        Ice/Alch       47%        N/A       9%          6
 Borgnjor's Vile Clutch   Necr/Erth      31%        N/A       12%         5
 Curse of Agony           Necr           63%        N/A       12%         5
 Metabolic Englaciation   Hex/Ice        31%        N/A       12%         5
 Malign Gateway           Summ/Tloc      53%        N/A       16%         7
 Permafrost Eruption      Ice/Erth       31%        2x4d9     17%         6
 Monstrous Menagerie      Summ           53%        N/A       17%         7
 Summon Hydra             Summ           53%        N/A       17%         7
 Death Channel            Necr           31%        N/A       54%         6
 Haunt                    Necr/Summ      44%        N/A       61%         7
 Ozocubu's Refrigeration  Ice            31%        4d14      63%         7
 Disjunction              Tloc           54%        N/A       71%         8
 Enfeeble                 Hex            31%        N/A       98%         7
 Borgnjor's Revivificati  Necr           31%        N/A       100%        8
 Discord                  Hex            31%        N/A       100%        8
 Infestation              Necr           31%        N/A       100%        8
 Death's Door             Necr           31%        N/A       100%        9
 Dragon's Call            Summ           53%        N/A       100%        9
 Polar Vortex             Ice            31%        12d4*     100%        9
 Shatter                  Erth           31%        3d26*     100%        9


Dungeon Overview and Level Annotations

Branches:
Dungeon (15/15)            Temple (0/1) D:6            Lair (5/5) D:8
 Shoals (4/4) Lair:2       Spider (4/4) Lair:3        Slime (5/5) Lair:5
    Orc (2/2) D:10            Elf (3/3) Orc:2        Vaults (5/5) D:13
  Crypt (3/3) Vaults:2       Tomb (3/3) Crypt:3      Depths (4/4) D:15
   Hell (visited)             Dis (7/7) Hell            Geh (7/7) Hell
    Coc (7/7) Hell            Tar (7/7) Hell            Zot (5/5) Depths:4
 Bailey (visited)           IceCv (visited)          WizLab (visited)
Desolation (visited)      Gauntlet (visited)

Altars:
Ashenzari
Fedhas
Gozag
Kikubaaqudgha
Makhleb
Nemelex Xobeh
Okawaru
Qazlal
Trog
Uskayaw
Vehumet
Xom
Beogh

Shops:
D:5 ?   D:6 ?   D:14 (   Orc:1 [   Orc:2 [=(*   Elf:2 =   Shoals:2 *
Vaults:2 ?**=   Depths:3 [=

Portals:
Hell: Depths:1 Depths:2 Depths:3 Depths:4
Abyss: Depths:2 Depths:3 Depths:4
Pandemonium: Depths:1 Depths:2


Innate Abilities, Weirdness & Mutations

You are an undying horror.
Your melee and unarmed attacks drain, slow and weaken victims.
You are immune to unholy pain and torment.
You cannot drink.
You are immune to poison.
You are completely covered in yellow scales. (AC +4, rCorr)
A powerful demonic guardian rushes to your aid.
You can hurl damnation.
A meltable icy envelope protects you from harm. (AC +8)
You are resistant to unholy torment.
A meltable shield of frost defends you. (SH +4)
You punish those that try to bend your will. (Will+)
You have a sharp stinger which inflicts weakening toxins.
You have a pair of small horns on your head.
You are agile. (Dex +4, Str/Int -1)


Message History

Vehumet accepts your kill.
You feel your power returning.
Your fire vortex moves out of view.
Unknown command.
Unknown command.
Casting: Fire Storm (mildly dangerous; 1% risk of failure)
Confirm with . or Enter, or press ? or * to list all spells.
Aiming: Fire Storm (mildly dangerous; 1% risk of failure)
Press: ? - help, Dir - move target, f/p - Usankous
Aim: Usankous, armed with a flaming touch (flame, severely wounded)
You feel a surge of power!
A raging storm of fire appears!
The great blast of fire engulfs Usankous!!!
You kill Usankous!
Vehumet accepts your kill.
You feel your power returning.
Unknown command.
Unknown command.
There is a stone staircase leading up here.
Magic restored.
You climb upwards.
There is a stone staircase leading down here.
A tormentor comes into view.
The tormentor roars!
Casting: Fire Storm (mildly dangerous; 1% risk of failure)
Confirm with . or Enter, or press ? or * to list all spells.
Aiming: Fire Storm (mildly dangerous; 1% risk of failure)
Press: ? - help, Dir - move target, f - tormentor
Aim: a tormentor You feel a surge of power!
A raging storm of fire appears!
The great blast of fire engulfs the tormentor!!!
The tormentor partially resists.
You kill the tormentor!
Vehumet accepts your kill.
There is a stone staircase leading up here.
You climb upwards.
HP restored.
There is a stone staircase leading down here.
Magic restored.
You see here a bat skeleton.
You see here 5 darts of dispersal.
There is a staircase leading out of the dungeon here.
You have escaped!

#.#####............###.## ##
#...#.)..#..............#
....#.##.#.......#......#
##....##.#......###.....#
##.......#.......#......#
##########..............# #
#...#...#>..#..### #
#..###.###.###...#
#########...#..z#...#..#.##
##.......#.................#
.#>#####.#.......#.........######
.#.# #.#......###........(.##..
.#.#####.........#......####.##..
.......#................# #......
.#.###.#........#####...# #..♣♣♣.
.#.# #.#.#.###### ##.## #.♣# #♣
.#.###.....# #.# #.♣ ♣


There were no monsters in sight!

Vanquished Creatures
  Cerebov (Pan)
  Antaeus (Coc:7)
  the Royal Jelly (Slime:5)
  Asmodeus (Geh:7)
  Ignacio (Pan)
  Ereshkigal (Tar:7)
  Mnoleg (Pan)
  Lom Lobon (Pan)
  the Serpent of Hell (Dis:7)
  15 pandemonium lords
  8 dread liches
  Dispater (Dis:7)
  Mennas (Pan)
  3 orbs of fire (Zot:5)
  8 ancient liches
  2 juggernauts (Dis:7)
  77 royal mummies
  Josephina (Depths:4)
  Xtahua (Vaults:3)
  Sojobo (Crypt:3)
  8 Killer Klowns
  Boris (4 times) (Depths:3 Vaults:3 Crypt:3 Tomb:1)
  Vv (Zot:2)
  27 shard shrikes
  3 curse toes
  32 caustic shrikes
  Geryon (Hell)
  20 profane servitors
  14 golden dragons
  24 bone dragons
  17 iron giants
  Norris (Vaults:3)
  12 doom hounds
  Nikola (Shoals:4)
  27 Tzitzimimeh
  4 electric golems
  24 Brimstone Fiends
  24 tentacled monstrosities
  31 Orb Guardians
  2 spectral shard shrikes
  16 hellephants
  28 Ice Fiends
  32 tainted leviathans
  A walking earthen tome (Depths:3)
  A walking crystal tome (Depths:2)
  42 Hell Sentinels
  3 walking frostbound tomes
  15 liches
  2 deep elf master archers (Elf:3)
  32 titans
  23 searing wretches
  2 deep elf blademasters (Elf:3)
  35 acid blobs
  9 quicksilver dragons
  Frances (D:14)
  39 ancient champions
  8 sphinxes
  4 krakens (Shoals:3)
  33 Executioners
  9 death cobs
  A tentacled starspawn (Abyss:3)
  Kirke (D:14)
  11 shadow dragons
  4 protean progenitors (Pan)
  4 tengu reavers
  Donald (Elf:2)
  24 storm dragons
  8 revenants
  5 nagarajas
  2 fenstrider witches
  Aizul (Elf:2)
  14 demonspawn warmongers
  28 fire giants
  15 draconian monks
  25 rockslimes
  25 azure jellies
  21 narguns
  18 vault wardens
  10 emperor scorpions
  25 draconian knights
  2 juggernaut zombies
  4 deep elf sorcerers
  14 quicksilver elementals
  3 caustic shrike zombies
  8 draconian shifters
  7 iron dragons
  23 frost giants
  16 ghost moths
  2 spectral juggernauts
  7 deep elf elementalists (Elf:3)
  11 draconian stormcallers
  2 spectral caustic shrikes
  8 ghouls
  12 draconian scorchers
  10 shard shrike simulacra
  8 demonspawn blood saints
  2 imperial myrmidons (Desolation)
  57 balrugs
  8 draconian annihilators
  21 ironbound preservers
  Louise (Elf:2)
  23 cacodemons
  4 spriggan defenders
  2 broodmothers (Spider:4)
  9 curse skulls
  18 quicksilver oozes
  12 demonspawn corrupters
  10 juggernaut skeletons
  34 reapers
  27 stone giants
  24 very ugly things
  2 orc warlords
  8 ironbound thunderhulks
  13 green draconians
  15 vampire knights
  9 black draconians
  9 caustic shrike skeletons
  14 demonspawn black suns
  10 deep elf death magi
  13 lorocyprocas
  8 formless jellyfish
  A spectral titan (Tar:5)
  11 white draconians
  2 eleionomae (Zig:5)
  31 elemental wellsprings
  14 purple draconians
  36 putrid mouths
  10 deep elf annihilators
  2 dire elephants (Vaults:2)
  Azrael (Orc:2)
  25 bennus
  8 red draconians
  6 halazid warlocks
  31 war gargoyles
  22 wendigos
  A minotaur (Gauntlet)
  8 deep elf demonologists
  20 eidola
  14 spark wasps
  5 merfolk javelineers
  10 fire dragons
  13 ettins
  14 yellow draconians
  32 blizzard demons
  25 iron golems
  Snorg (D:14)
  3 crystal guardians
  14 green deaths
  14 entropy weavers
  11 jiangshi
  A spectral quicksilver dragon (WizLab)
  2 spectral krakens (Tar:7)
  47 mummy priests
  A spectral golden dragon (Tar:5)
  A quicksilver dragon zombie (WizLab)
  13 yaktaur captains
  12 merfolk impalers
  16 great orbs of eyes
  5 deep elf high priests
  A spectral iron giant (Tar:2)
  Erolcha (Orc:2)
  8 rakshasas
  A hydra (Lair:4)
  13 ice dragons
  A spectral shadow dragon (Tar:1)
  3 jorogumos
  7 ragged hierophants (Desolation)
  10 servants of whispers (Desolation)
  9 hell beasts
  8 juggernaut simulacra
  14 salamander tyrants
  37 vault guards
  An alligator (Pan)
  A ghost crab (Zig:10)
  2 quicksilver dragon skeletons
  12 peacekeepers
  13 ironbound frosthearts
  A spectral stone giant (Tar:5)
  An Orb Guardian zombie (Crypt:1)
  A catoblepas (Lair:3)
  A spriggan skeleton (Crypt:1)
  3 spriggan air magi
  4 merfolk avatars (Shoals:3)
  Erica (Lair:2)
  15 centaur warriors
  6 boulder beetles
  4 sphinx zombies
  7 caustic shrike simulacra
  3 radroaches
  10 stokers
  An anaconda (Zig:14)
  4 ogre magi
  28 dancing weapons
  2 sphinx skeletons
  5 two-headed ogres
  3 death knights
  2 fenstrider witch skeletons (Crypt:3)
  47 death scarabs
  6 satyrs
  4 tengu warriors
  3 orc high priests
  2 alligator snapping turtles
  12 merfolk aquamancers
  47 hell hogs
  2 spectral dire elephants
  5 deep troll earth magi
  5 spriggan berserkers
  11 vampire magi
  A thrashing horror (Abyss:3)
  10 deep troll shamans
  4 occultists
  12 demonic crawlers
  58 soul eaters
  3 titan zombies
  2 hellephant skeletons (Pan)
  A naga warrior (Zig:14)
  3 shock serpents
  14 deep elf knights
  91 sun demons
  15 hell knights
  3 wretched stars
  A spectral bunyip (Tar:2)
  3 titan skeletons
  10 pharaoh ants
  A spectral spark wasp (WizLab)
  13 crystal echidnas
  19 sixfirhies
  3 golden dragon zombies
  9 quicksilver dragon simulacra
  6 death drakes
  6 iron trolls
  A death drake (shapeshifter) (Depths:4)
  A spark wasp zombie (WizLab)
  A spectral anaconda (Tar:1)
  35 skeletal warriors
  6 sea snakes
  A spriggan druid (Zig:5)
  9 flayed ghosts
  8 sun moths
  3 mana vipers (Zig:14)
  14 shadow wraiths
  An anaconda zombie (Hell)
  2 storm dragon skeletons
  10 skysharks
  51 deep trolls
  15 orb spiders
  2 naga ritualists (Zig:14)
  4 arcanists
  3 glowing orange brains
  4 orange crystal statues
  2 bunyip skeletons (Crypt:3)
  A sea snake (shapeshifter) (Depths:3)
  6 deep elf archers
  17 shadow demons
  7 orc knights
  4 shadow dragon zombies
  A cherub (Pan)
  A kraken simulacrum (Shoals:2)
  17 phantasmal warriors
  7 lindwurms
  A spectral hydra (Tar:5)
  10 steelbarb worms
  6 bog bodies
  11 ironbound convokers
  3 obsidian statues (Zig:6)
  3 starcursed masses (Abyss:3)
  9 spriggan simulacra
  10 necromancers
  4 golden dragon skeletons
  2 spectral iron dragons
  3 anaconda skeletons
  A tengu zombie (Zig:27)
  2 thermic dynamos (Elf:1)
  12 harpies
  4 swamp dragons
  14 deep elf pyromancers
  5 orc sorcerers
  33 deep elf zephyrmancers
  34 wolf spiders
  2 tengu skeletons (Zig:25)
  19 ugly things
  3 draconians (Abyss:3)
  An iron dragon zombie (Zig:18)
  An alligator zombie (Hell)
  A sphinx simulacrum (Zig:27)
  6 spectral spriggans
  Maurice (Orc:2)
  22 fauns
  2 shadow dragon skeletons
  3 fauns (shapeshifter)
  11 shining eyes
  An oklob plant (Lair:3)
  11 cyclopes
  A spectral alligator snapping turtle (Tar:2)
  2 spectral centaurs (Tar:2)
  4 meliai
  16 manticores
  A worldbinder (Abyss:3)
  An alligator skeleton (Hell)
  12 elephants
  32 large abominations
  2 salamanders (Zig:14)
  A draconian skeleton (Zot:3)
  13 merfolk sirens
  A dire elephant zombie (Tomb:1)
  3 iron dragon skeletons
  4 naga magi (Zig:14)
  36 moths of wrath
  6 black mambas
  4 kobold blastminers
  3 Executioner simulacra (Pan)
  21 vault sentinels
  3 stone giant skeletons
  6 eyes of devastation
  14 rust devils
  16 torpor snails
  8 ice statues
  2 apocalypse crabs (Abyss:3)
  67 smoke demons
  13 water nymphs
  6 guardian serpents
  12 molten gargoyles
  7 titan simulacra
  A mana viper zombie (Crypt:2)
  A dire elephant skeleton (Tomb:2)
  2 centaur skeletons
  2 storm dragon simulacra
  Jeremiah (D:8)
  3 yaktaur zombies (Vaults:2)
  14 cane toads
  10 spectral swamp worms (Tar:7)
  5 gargoyles
  3 naga skeletons
  23 orange demons
  34 hellions
  2 mana viper skeletons
  13 rime drakes
  10 freezing wraiths
  An unseen horror (D:10)
  28 yaktaurs
  4 kobold demonologists
  3 komodo dragons
  A pale draconian zombie (Crypt:3)
  5 spectral nagas
  8 ice devils
  5 tengu conjurers
  12 efreet
  An iron troll zombie (Crypt:2)
  A minotaur skeleton (Crypt:1)
  2 iron giant simulacra (Coc:7)
  5 anaconda simulacra
  A spectral demonspawn (Tar:1)
  36 tormentors
  A silent spectre (Tar:5)
  11 red devils
  2 golden dragon simulacra
  A troll (shapeshifter) (Vaults:5)
  109 guardian mummies
  A sea snake skeleton (Hell)
  2 harpy zombies
  A yellow draconian skeleton (Crypt:1)
  36 merfolk
  A purple draconian skeleton (Crypt:2)
  A merfolk (shapeshifter) (Vaults:5)
  27 hellwings
  11 spectral harpies
  A sun moth zombie (Crypt:1)
  2 shadow dragon simulacra
  A queen bee (shapeshifter) (Depths:3)
  A tyrant leech (Zig:5)
  15 wind drakes
  11 polar bears
  8 trolls
  Prince Ribbit (D:8)
  An alligator simulacrum (Coc:1)
  12 hornets
  9 glass eyes
  21 tarantellas
  3 raiju
  2 spectral swamp dragons (Tar:1)
  49 saltlings (Desolation)
  13 blink frogs
  A hydra skeleton (Hell)
  20 dream sheep
  4 harpy skeletons
  A satyr zombie (Crypt:3)
  5 iron dragon simulacra
  8 snapping turtles
  18 culicivoras
  5 spriggan zombies
  22 jumping spiders
  101 slime creatures
  9 air elementals
  4 shadows
  26 ynoxinuls
  2 naga simulacra
  43 yaks
  7 spriggans
  6 wyverns
  39 water elementals
  An ettin skeleton (Vaults:2)
  42 ushabtiu
  6 wraiths
  8 dire elephant simulacra
  A yak (shapeshifter) (D:15)
  7 basilisks
  6 fire elementals
  2 humans (D:13)
  A sea snake simulacrum (Shoals:2)
  22 golden eyes
  A black mamba skeleton (Crypt:1)
  23 chaos spawn (Pan)
  23 neqoxecs
  7 steam dragons
  9 wargs
  6 alligator snapping turtle simulacra
  2 death yak simulacra
  3 hogs (D:14)
  63 redbacks
  20 harpy simulacra
  4 hydra simulacra
  A glowing shapeshifter zombie (Zig:16)
  2 nagas (Zig:14)
  An ogre skeleton (Vaults:2)
  5 acid dragons
  29 hell hounds
  8 water moccasins
  4 swamp drakes
  36 orc warriors
  A sky beast (D:8)
  17 black bears
  A glowing shapeshifter skeleton (Zig:25)
  2 satyr simulacra (Shoals:2)
  An ettin simulacrum (Coc:7)
  4 ice beasts
  13 laughing skulls
  6 boggarts
  A black mamba simulacrum (Crypt:1)
  32 wolves
  18 ogres
  3 centaurs (D:15)
  A hog zombie (Crypt:3)
  6 kobold brigands
  14 bullfrogs
  2 elf zombies
  2 gnoll sergeants
  3 merfolk simulacra (Shoals:2)
  2 earth elementals (Elf:3)
  A glowing shapeshifter simulacrum (Zig:25)
  A cane toad simulacrum (IceCv)
  A faun simulacrum (Shoals:2)
  A small abomination (Gauntlet)
  10 scorpions
  30 wights
  12 killer bees (D:8)
  2 elephant simulacra (IceCv)
  4 manticore simulacra (Shoals:2)
  A shapeshifter skeleton (Crypt:1)
  5 howler monkeys
  9 electric eels
  A bombardier beetle (D:3)
  4 hounds
  2 quasits
  2 jellies
  9 orc priests
  An iron imp (Abyss:3)
  Crazy Yiuf (D:7)
  2 sleepcaps (D:6)
  10 iguanas
  22 orc wizards
  2 polar bear simulacra (Lair:2)
  3 yak simulacra (Lair:2)
  4 wolf simulacra
  4 centaur simulacra
  134 mummies
  14 gnolls
  5 adders
  A shadow imp (D:7)
  12 white imps
  2 ufetubi (D:5)
  An adder skeleton (Crypt:3)
  An iguana skeleton (Crypt:2)
  2 ribbon worms (D:2)
  59 orcs
  8 ball pythons
  10 endoplasms
  7 goblins
  13 hobgoblins
  17 kobolds
  4 quokkas
  7 bats
  2 frilled lizards
  A frilled lizard zombie (Crypt:1)
  A hobgoblin skeleton (Crypt:3)
  A kobold zombie (Crypt:3)
  7 rats
  4 river rat simulacra (Lair:2)
  A river rat skeleton (Crypt:1)
  6 aspiring fleshes (Pan)
  4 creeping infernos
  17 fire vortices
  3 tentacles
5305 creatures vanquished.

Vanquished Creatures (collateral kills)
  Gloorx Vloq (Pan)
  A pandemonium lord (Pan)
  3 royal mummies
  A shard shrike (Coc:7)
  A profane servitor (Tar:7)
  2 Tzitzimimeh
  An Orb Guardian (Orc:2)
  An acid blob (Slime:5)
  A fenstrider witch (Pan)
  A shadow dragon (Zot:5)
  A draconian monk (Zot:4)
  A fire giant (Geh:1)
  2 balrugs
  A shard shrike simulacrum (Coc:7)
  A vault warden (Vaults:5)
  A draconian scorcher (Zig:17)
  A formless jellyfish (Zig:26)
  An ironbound thunderhulk (Vaults:3)
  A draconian annihilator (Pan)
  A caustic shrike skeleton (Crypt:3)
  A lorocyproca (Pan)
  A putrid mouth (Tar:7)
  A halazid warlock (WizLab)
  A bennu (Tomb:1)
  2 dire elephants (Vaults:2)
  A spectral quicksilver dragon (WizLab)
  A spectral spriggan (Tar:1)
  A spectral golden dragon (Tar:4)
  A hell beast (Pan)
  A peacekeeper (Vaults:3)
  A dancing weapon (Elf:3)
  2 shock serpents (Pan)
  A soul eater (Pan)
  2 sun demons (Pan)
  A titan skeleton (Crypt:3)
  A skeletal warrior (Crypt:3)
  2 flayed ghosts
  A spriggan simulacrum (Coc:7)
  A lindwurm (Vaults:1)
  A tengu zombie (Zig:18)
  A deep elf zephyrmancer (Elf:2)
  A white draconian zombie (Crypt:3)
  An eye of devastation (Slime:5)
  A smoke demon (Pan)
  2 large abominations (Pan)
  A guardian mummy (Tomb:3)
  2 hellwings (Pan)
  A saltling (Desolation)
  3 slime creatures
  A culicivora (Zig:8)
  A ynoxinul (Orc:2)
  A wraith (Crypt:3)
  A golden eye (Slime:1)
  A harpy simulacrum (Coc:7)
  2 laughing skulls (WizLab)
  An iguana (Lair:5)
  A crocodile skeleton (Crypt:2)
  3 mummies
  A white imp (Lair:2)
74 creatures vanquished.

Vanquished Creatures (others)
  A pandemonium lord (Pan)
  A caustic shrike simulacrum (Coc:2)
  A juggernaut simulacrum (Coc:7)
  An anaconda simulacrum (Coc:5)
  2 wargs (Lair:5)
  3 ball lightnings (Pan)
  A creeping inferno (Geh:6)
  728 fire vortices
  2 starspawn tentacles (Pan)
  13 tentacles
753 creatures vanquished.

Grand Total: 6132 creatures vanquished

Notes
Turn   | Place    | Note
-------+----------+-------------------------------------------
     0 | D:1      | Mousus6 the Demonspawn Alchemist began the quest for the
                  | Orb.
     0 | D:1      | Reached XP level 1. HP: 13/13 MP: 3/3
   252 | D:1      | Gained mutation: A meltable shield of frost defends you.
                  | (SH +4) [demonic ancestry]
   252 | D:1      | Reached XP level 2. HP: 20/20 MP: 5/5
   647 | D:1      | Reached skill level 1 in Fighting
  1195 | D:1      | Reached XP level 3. HP: 26/26 MP: 4/6
  2015 | D:2      | Reached XP level 4. HP: 32/32 MP: 3/7
  2020 | D:2      | Learned a level 4 spell: Olgreb's Toxic Radiance
  2097 | D:2      | Learned a level 3 spell: Mephitic Cloud
  2359 | D:3      | Found a radiant altar of Vehumet.
  2365 | D:3      | Became a worshipper of Vehumet
  2432 | D:3      | Found an opulent altar of Gozag.
  2783 | D:3      | Gained mutation: You are partially covered in yellow
                  | scales. (AC +2) [demonic ancestry]
  2783 | D:3      | Reached XP level 5. HP: 25/38 MP: 3/9
  2885 | D:3      | Found a blossoming altar of Fedhas.
  3318 | D:4      | Noticed a water moccasin
  3475 | D:4      | Reached * piety under Vehumet
  3475 | D:4      | Offered knowledge of Magic Dart by Vehumet.
  3934 | D:5      | Entered Level 5 of the Dungeon
  3989 | D:5      | Noticed an ogre
  3999 | D:5      | Killed an ogre
  4000 | D:5      | Reached skill level 5 in Alchemy
  4000 | D:5      | Reached XP level 6. HP: 46/46 MP: 6/11
  4243 | D:5      | Noticed an ice beast
  4270 | D:5      | Killed an ice beast
  4458 | D:5      | Reached XP level 7. HP: 52/52 MP: 6/12
  5108 | D:5      | Found Wej Kigg's Magic Scroll Emporium.
  5111 | D:5      | Bought a scroll of teleportation for 36 gold pieces
  5111 | D:5      | Bought a scroll of blinking for 90 gold pieces
  5111 | D:5      | Bought a scroll of identify for 24 gold pieces
  5111 | D:5      | Bought a scroll of revelation for 90 gold pieces
  5111 | D:5      | Bought a scroll of fog for 48 gold pieces
  5449 | D:6      | Gained mutation: You have a small tail. [demonic ancestry]
  5449 | D:6      | Reached XP level 8. HP: 57/61 MP: 14/14
  5540 | D:6      | Reached ** piety under Vehumet
  5540 | D:6      | Offered knowledge of Momentum Strike by Vehumet.
  5700 | D:6      | Found Petzokuv's Magic Scroll Boutique.
  5706 | D:6      | Bought a scroll of butterflies for 52 gold pieces
  6241 | D:6      | Reached skill level 5 in Spellcasting
  6247 | D:6      | Reached skill level 5 in Fighting
  6252 | D:6      | Learned a level 4 spell: Sticky Flame
  6307 | D:6      | Found a staircase to the Ecumenical Temple.
  6482 | D:7      | Found a runed translucent door.
  6483 | D:7      | Noticed Crazy Yiuf
  6535 | D:7      | Reached skill level 1 in Fire Magic
  6651 | D:7      | Offered knowledge of Scorch by Vehumet.
  6655 | D:7      | Learned a level 2 spell: Scorch
  6717 | D:7      | Found a hide-covered altar of Uskayaw.
  6814 | D:7      | Reached XP level 9. HP: 68/68 MP: 9/17
  7292 | D:7      | Killed Crazy Yiuf
  7521 | D:8      | Identified the amulet of Faobec {Spirit Slay+3}
  7527 | D:8      | Noticed Jeremiah
  7530 | D:8      | Reached *** piety under Vehumet
  7537 | D:8      | Killed Jeremiah
  7573 | D:8      | Noticed a polar bear
  7595 | D:8      | Killed a polar bear
  7769 | D:8      | Noticed a rime drake
  7776 | D:8      | Found a flagged portal.
  7782 | D:8      | Killed a rime drake
  7783 | D:8      | Reached skill level 10 in Alchemy
  7787 | Bailey   | Entered a bailey
  7837 | Bailey   | Offered knowledge of Volatile Blastmotes by Vehumet.
  7912 | Bailey   | Reached XP level 10. HP: 77/77 MP: 12/20
  8038 | Bailey   | Noticed a two-headed ogre
  8059 | Bailey   | Killed a two-headed ogre
  8060 | Bailey   | Reached skill level 5 in Fire Magic
  8106 | Bailey   | Identified the +8 quarterstaff of Imminent Death {venom,
                  | rC+ Dex+3 Stlth+}
  8298 | D:8      | Noticed Prince Ribbit
  8315 | D:8      | Killed Prince Ribbit
  8475 | D:8      | Reached **** piety under Vehumet
  8538 | D:8      | Identified the +1 ring mail of Rask {Will+}
  8581 | D:8      | Found a staircase to the Lair.
  8823 | D:9      | Offered knowledge of Ignite Poison by Vehumet.
  8829 | D:9      | Learned a level 4 spell: Ignite Poison
  9053 | D:9      | Found a broken altar of Ashenzari.
  9112 | D:9      | Gained mutation: You have a tail ending in a sharp stinger.
                  | [demonic ancestry]
  9112 | D:9      | Reached XP level 11. HP: 86/86 MP: 11/23
  9284 | D:9      | You fall into a shaft and drop 2 floors!
  9291 | D:10     | Entered Level 10 of the Dungeon
  9519 | D:10     | Reached ***** piety under Vehumet
  9639 | D:10     | Found a stormy altar of Qazlal.
  9639 | D:10     | Found an iron altar of Okawaru.
  9641 | D:10     | Found a shimmering altar of Xom.
  9681 | D:10     | Offered knowledge of Fireball by Vehumet.
  9689 | D:10     | Learned a level 5 spell: Fireball
  9942 | D:10     | Found a bloodstained altar of Trog.
  9986 | D:10     | Found a staircase to the Orcish Mines.
 10025 | D:10     | Noticed a cyan ugly thing
 10031 | D:10     | Killed a cyan ugly thing
 10130 | D:10     | Found a sparkling altar of Nemelex Xobeh.
 10192 | Orc:1    | Entered Level 1 of the Orcish Mines
 10192 | Orc:1    | Noticed an ettin
 10192 | Orc:1    | Noticed an orc knight
 10195 | Orc:1    | Killed an orc knight
 10198 | Orc:1    | Killed an ettin
 10301 | Orc:1    | Noticed an orc sorcerer
 10301 | Orc:1    | Noticed an orc knight
 10305 | Orc:1    | Killed an orc sorcerer
 10310 | Orc:1    | Killed an orc knight
 10614 | Orc:2    | Entered Level 2 of the Orcish Mines
 10616 | Orc:2    | Noticed Maurice
 10616 | Orc:2    | Noticed an orc sorcerer
 10622 | Orc:2    | Killed an orc sorcerer
 10623 | Orc:2    | Noticed an orc high priest
 10624 | Orc:2    | Killed Maurice
 10627 | Orc:2    | Noticed an orc warlord
 10629 | Orc:2    | Killed an orc high priest
 10699 | Orc:2    | Noticed Erolcha
 10704 | Orc:2    | Killed Erolcha
 10720 | Orc:2    | Killed an orc warlord
 10721 | Orc:2    | Reached XP level 12. HP: 31/96 MP: 6/25
 10906 | Orc:2    | Found a staircase to the Elven Halls.
 10909 | Orc:2    | Found Cuhuul's Antique Weapon Shop.
 11008 | Orc:2    | Noticed an orc high priest
 11013 | Orc:2    | Killed an orc high priest
 11101 | Orc:2    | Found Annusar's Antique Armour Shoppe.
 11117 | Orc:2    | Bought a heavily runed helmet for 351 gold pieces
 11117 | Orc:2    | Identified the +1 helmet of Unambiguity {rF++ rC- Int+2
                  | Stlth+} (You bought it in a shop on level 2 of the Orcish
                  | Mines)
 11233 | Orc:2    | Found a burning altar of Makhleb.
 11259 | Orc:2    | Bought a pair of runed boots for 277 gold pieces
 11301 | Orc:2    | Found a roughly hewn altar of Beogh.
 11450 | Orc:2    | Reached skill level 5 in Conjurations
 11450 | Orc:2    | Reached skill level 10 in Fire Magic
 11450 | Orc:2    | Offered knowledge of Conjure Ball Lightning by Vehumet.
 11469 | Orc:2    | Found Loekk's General Store.
 11630 | Orc:2    | Found Idavaall's Jewellery Shoppe.
 11927 | Lair:1   | Entered Level 1 of the Lair of Beasts
 11943 | Lair:1   | Reached skill level 10 in Fighting
 11968 | Lair:1   | Found a gate leading to a gauntlet.
 11980 | Gauntlet | Entered a Gauntlet
 11980 | Gauntlet | Found a transporter.
 11987 | Gauntlet | Noticed a reaper
 12094 | Gauntlet | Found a runed translucent door.
 12094 | Gauntlet | Found a transporter.
 12096 | Gauntlet | Found a transporter.
 12116 | Gauntlet | Found a transporter.
 12117 | Gauntlet | Found a transporter.
 12118 | Gauntlet | Found a transporter.
 12124 | Gauntlet | Noticed a five-headed hydra
 12127 | Gauntlet | Found a transporter.
 12135 | Gauntlet | Found a transporter.
 12200 | Gauntlet | Noticed a death yak
 12200 | Gauntlet | Noticed a death yak
 12201 | Gauntlet | Found a runed translucent door.
 12201 | Gauntlet | Noticed a death yak
 12201 | Gauntlet | Noticed a death yak
 12202 | Gauntlet | Noticed a death yak
 12203 | Gauntlet | Found a transporter.
 12205 | Gauntlet | Found a runed translucent door.
 12219 | Gauntlet | Found a transporter.
 12223 | Gauntlet | Found a transporter.
 12233 | Gauntlet | Found a transporter.
 12332 | Gauntlet | Identified the +1 hat of Leanuol {Harm rElec rF- Int+6}
 12380 | Gauntlet | Reached skill level 10 in Spellcasting
 12414 | Gauntlet | Identified the ring of Suspicion {rN+ Str+6 Dex+2}
 12466 | Gauntlet | Identified the +9 trident of Division {chaos, rElec rCorr
                  | SInv}
 12466 | Gauntlet | Noticed a minotaur
 12476 | Gauntlet | Killed a minotaur
 12516 | Gauntlet | Identified the +0 robe "Gazyf" {-Tele rF++ rN++}
 12516 | Gauntlet | Identified the +6 short sword of Nuicain {flame, rF+ Will++
                  | Int+7 Dex-4}
 12517 | Gauntlet | Got the Lessons on the Jinx
 12520 | Gauntlet | Identified the +0 pair of boots of Farfalle {rElec rCorr
                  | Dex+4}
 12744 | Lair:1   | Gained mutation: A weak demonic guardian rushes to your
                  | aid. [demonic ancestry]
 12744 | Lair:1   | Reached XP level 13. HP: 104/104 MP: 21/27
 12907 | Lair:2   | You fall into a shaft and drop 2 floors!
 13215 | Lair:2   | Noticed Erica
 13223 | Lair:2   | Killed Erica
 13270 | Lair:2   | Found a staircase to the Shoals.
 13300 | Lair:2   | Offered knowledge of Yara's Violent Unravelling by Vehumet.
 13302 | Lair:2   | Found a frozen archway.
 13326 | IceCv    | Entered an ice cave
 13947 | Lair:2   | Learned a level 8 spell: Ignition
 14206 | Lair:3   | Found a hole to the Spider Nest.
 14276 | Lair:5   | Entered Level 5 of the Lair of Beasts
 14558 | Lair:5   | Offered knowledge of Plasma Beam by Vehumet.
 14561 | Lair:5   | Reached ****** piety under Vehumet
 14595 | Lair:5   | Gained mutation: You have a sharp stinger which inflicts
                  | weakening toxins. [demonic ancestry]
 14595 | Lair:5   | Reached XP level 14. HP: 35/115 MP: 29/29
 14720 | Lair:5   | Got an earthy gem with 2171 turns to spare
 14854 | Lair:5   | Identified a scroll of acquirement
 14854 | Lair:5   | Acquired 974 gold pieces
 14865 | Lair:5   | Learned a level 6 spell: Plasma Beam
 15332 | Lair:5   | Reached skill level 1 in Air Magic
 15438 | Lair:5   | Found a staircase to the Slime Pits.
 16192 | Lair:4   | Offered knowledge of Freezing Cloud by Vehumet.
 17247 | Lair:3   | Identified the ring "Reschor" {rF+ MP+9 Int+3}
 18069 | Lair:2   | Identified the +3 sling "Qifraar" {heavy, Str+5}
 18518 | Lair:1   | Found a blossoming altar of Fedhas.
 19901 | D:11     | Offered knowledge of Bombard by Vehumet.
 21342 | D:12     | Acquired 996 gold pieces
 21821 | D:13     | Gained mutation: You are mostly covered in yellow scales.
                  | (AC +3) [demonic ancestry]
 21821 | D:13     | Reached XP level 15. HP: 123/123 MP: 28/31
 22024 | D:13     | Reached skill level 15 in Fire Magic
 22208 | D:13     | Found a gate to the Vaults.
 22698 | D:14     | Found Ocech's Antique Weapon Boutique.
 22712 | D:14     | Noticed Kirke
 22716 | D:14     | Killed Kirke
 22865 | D:14     | Noticed Frances
 22879 | D:14     | Killed Frances
 23006 | D:14     | Noticed Snorg
 23009 | D:14     | Killed Snorg
 23161 | D:14     | Found a bloodstained altar of Trog.
 23485 | D:15     | Entered Level 15 of the Dungeon
 23488 | D:15     | Reached skill level 5 in Air Magic
 23502 | D:15     | Offered knowledge of Starburst by Vehumet.
 23956 | D:15     | Found a staircase to the Depths.
 24429 | Spider:1 | Entered Level 1 of the Spider Nest
 25085 | Spider:1 | Noticed an emperor scorpion
 25086 | Spider:1 | Killed an emperor scorpion
 25292 | Spider:2 | Gained mutation: A meltable icy envelope protects you from
                  | harm. (AC +8) [demonic ancestry]
 25292 | Spider:2 | Reached XP level 16. HP: 133/133 MP: 32/33
 26700 | Spider:4 | Entered Level 4 of the Spider Nest
 26771 | Spider:4 | Reached skill level 15 in Fighting
 26901 | Spider:4 | Offered knowledge of Polar Vortex by Vehumet.
 26901 | Spider:4 | Offered knowledge of Maxwell's Capacitive Coupling by
                  | Vehumet.
 26928 | Spider:4 | Reached XP level 17. HP: 121/142 MP: 35/35
 26936 | Spider:4 | Identified the +1 hat of Midwinter {Str+4}
 26944 | Spider:4 | Got a gossamer rune of Zot
 27561 | Shoals:1 | Entered Level 1 of the Shoals
 27886 | Shoals:4 | Entered Level 4 of the Shoals
 27933 | Shoals:4 | Paralysed by an air elemental for 1 turns
 27970 | Shoals:4 | Noticed a titan
 27973 | Shoals:4 | Killed a titan
 27984 | Shoals:4 | Got a barnacled rune of Zot
 27998 | Shoals:4 | Got an azure gem with 1430 turns to spare
 28046 | Shoals:4 | Paralysed by an air elemental for 1 turns
 28068 | Shoals:4 | Reached skill level 15 in Spellcasting
 28100 | Shoals:4 | Noticed Nikola
 28107 | Shoals:4 | Killed Nikola
 28831 | Shoals:4 | Paralysed by an air elemental for 1 turns
 29074 | Shoals:3 | Reached XP level 18. HP: 151/151 MP: 37/37
 30124 | Shoals:2 | Found a runed translucent gate.
 30124 | Shoals:2 | Found a runed translucent gate.
 30125 | Shoals:2 | Found a runed translucent gate.
 30149 | Shoals:2 | Got the Textbook on Crystalline Carcasses
 30349 | Shoals:2 | Found Huoqycy's Assorted Antiques.
 30357 | Shoals:2 | Bought a clouded steel amulet for 185 gold pieces
 30357 | Shoals:2 | Identified the amulet of the Exceptional God {rPois rC+++
                  | Regen+ Str-3 Stlth-} (You bought it in a shop on level 2 of
                  | the Shoals)
 31572 | Elf:1    | Entered Level 1 of the Elven Halls
 31900 | Elf:1    | Learned a level 4 spell: Airstrike
 32229 | Elf:2    | Noticed Donald
 32235 | Elf:2    | Killed Donald
 32285 | Elf:3    | Entered Level 3 of the Elven Halls
 32482 | Elf:3    | Gained mutation: A demonic guardian rushes to your aid.
                  | [demonic ancestry]
 32482 | Elf:3    | Reached XP level 19. HP: 67/161 MP: 37/39
 32510 | Elf:2    | Noticed Louise
 32512 | Elf:2    | Killed Louise
 32804 | Elf:3    | Identified the +6 sling "Oneyrr" {freeze, rElec rPois
                  | Dex-2}
 32804 | Elf:3    | Identified the +3 plate armour "Wanongim" {^Contam rElec
                  | rC- Stlth+}
 32845 | Elf:3    | Found the +3 pair of mountain boots {steadfast, rC+}
 32850 | Elf:3    | Found the +6 lightning scales {swift, rElec}
 32857 | Elf:3    | Got the Octavo of Resurrection
 32868 | Elf:3    | Got a shimmering gem with 899 turns to spare
 32907 | Elf:3    | Got the Information on Charming Correspondence
 33755 | Elf:2    | Found a runed translucent gate.
 33756 | Elf:2    | Found a runed translucent gate.
 33756 | Elf:2    | Found a runed translucent gate.
 33989 | Elf:2    | Identified the serpent talisman of Distant Shores {rF+ rN++
                  | Str-5}
 33989 | Elf:2    | Noticed Aizul
 33996 | Elf:2    | Killed Aizul
 34542 | Elf:2    | Found Ojivogobb's Jewellery Shoppe.
 35147 | Elf:1    | Learned a level 9 spell: Fire Storm
 35990 | Depths:1 | Entered Level 1 of the Depths
 36107 | Depths:2 | Gained mutation: You punish those that try to bend your
                  | will. (Will+) [demonic ancestry]
 36107 | Depths:2 | Reached XP level 20. HP: 170/170 MP: 40/40
 36641 | Depths:3 | Found a one-way gate to the infinite horrors of the Abyss.
 36664 | Depths:3 | Reached skill level 10 in Conjurations
 36724 | Depths:3 | Identified the +0 scale mail of the Alphagorgon {Harm rF-
                  | rN+ Int+4}
 36725 | Depths:3 | Found a gateway to Hell.
 36873 | Depths:4 | Entered Level 4 of the Depths
 36898 | Depths:4 | Identified the ring "Jiacs" {AC+4 Str+4}
 36918 | Depths:4 | Reached skill level 5 in Dodging
 36919 | Depths:4 | Identified the ring of Ratium {Ice Will- rCorr Dex+7
                  | Stlth-}
 36919 | Depths:4 | Noticed Josephina
 36925 | Depths:4 | Killed Josephina
 37268 | Depths:4 | Found a gate to the Realm of Zot.
 37276 | Depths:4 | Got a midnight gem with 1890 turns to spare
 37398 | Depths:4 | Identified the +1 scale mail "Gomizasch" {Int+4}
 38190 | Depths:3 | Gained mutation: You are resistant to unholy torment.
                  | [demonic ancestry]
 38190 | Depths:3 | Reached XP level 21. HP: 156/177 MP: 42/42
 38309 | Depths:3 | Found Jotucw's Armour Emporium.
 38313 | Depths:3 | Found Geonygoe's Jewellery Shoppe.
 38691 | Depths:3 | Identified the +4 robe of Noon {Int+4 Slay+6}
 38691 | Depths:3 | Noticed Boris
 38695 | Depths:3 | Noticed a golden dragon
 38698 | Depths:3 | Killed Boris
 38706 | Depths:3 | Killed a golden dragon
 39122 | Depths:3 | Identified the +6 flail of the Forsaken Priests {pain,
                  | *Noise rPois rF+ rC+ rN+}
 39443 | Depths:2 | Identified the +5 trident of Anger {heavy, rN+ Int+3}
 39695 | Depths:2 | Found a one-way gateway to a ziggurat.
 39868 | Depths:2 | Found a one-way gate leading to the halls of Pandemonium.
 40544 | Depths:1 | Found an opulent altar of Gozag.
 40866 | Depths:1 | Got the Book of the Hawk
 41301 | Vaults:1 | Entered Level 1 of the Vaults
 41758 | Vaults:2 | Found a crumbling gateway.
 41763 | Vaults:2 | Reached skill level 15 in Conjurations
 41782 | Desolati | Entered the Desolation of Salt
 41870 | Desolati | Reached skill level 10 in Dodging
 41877 | Desolati | Gained mutation: A meltable icy envelope protects you from
                  | harm. (AC +8) [demonic ancestry]
 41877 | Desolati | Reached XP level 22. HP: 172/184 MP: 40/44
 41982 | Desolati | Identified the ring of Ru's Condemnation {rPois EV+5 Int+3}
 41999 | Desolati | Identified the ring "Tupoh" {rF- rCorr Dex+4}
 42013 | Desolati | Identified the staff "Ivapn" {rPois rN+ MP+9 Stlth- Ice
                  | Alchemy}
 42310 | Desolati | Identified the +1 rapier of Wyrd {elec, Fly rC+}
 42311 | Desolati | Identified the ring "Qowku" {Fly rC+ rN+ Str-3 Slay+3}
 42438 | Desolati | Identified the ring of Icilagew {rF+ rC+ rCorr Str+4 Int+3}
 42443 | Desolati | Identified the ring of the Taurataur {rPois rC+ Will+ Dex+2
                  | Slay+5}
 42813 | Vaults:3 | Found a magical portal.
 42823 | WizLab   | Entered Borgnjor's Mausoleum
 43658 | Vaults:4 | You fall into a shaft and drop 1 floor!
 43658 | Vaults:5 | Entered Level 5 of the Vaults
 43772 | Vaults:5 | Got a shining gem with 2757 turns to spare
 43777 | Vaults:5 | Got a silver rune of Zot
 43961 | Vaults:5 | Noticed a golden dragon
 43964 | Vaults:5 | Killed a golden dragon
 44046 | Vaults:5 | Gained mutation: A powerful demonic guardian rushes to your
                  | aid. [demonic ancestry]
 44046 | Vaults:5 | Reached XP level 23. HP: 161/190 MP: 7/45
 44623 | Vaults:5 | Identified the +6 morningstar of Desertification {vamp,
                  | Str+3 Int+4 Stlth+}
 44734 | Vaults:5 | Reached skill level 15 in Dodging
 45047 | Vaults:5 | Learned a level 2 spell: Blink
 45120 | Vaults:5 | Identified the ring "Minecoq" {Fire rPois Str+3}
 45345 | Vaults:5 | Identified the ring "Efrosk" {rF+ rC+ Str-3 Dex+5 Stlth+}
 45517 | Vaults:5 | Found the +3 greatsling "Punk" {acid, rCorr}
 45522 | Vaults:5 | Identified the staff "Hellblazer" {rF+ rC+ Will+ Earth}
 45529 | Vaults:5 | Identified the +2 robe "Xufioreq" {rElec Str-2 SInv
                  | Archmagi}
 45937 | Vaults:4 | Reached skill level 1 in Translocations
 46141 | Vaults:4 | Identified the +8 mace of Defilement {venom, rF+ SInv
                  | Stlth+}
 47058 | Vaults:3 | Identified the +6 chain mail of Impatience {Rampage Regen+}
 47270 | Vaults:3 | Noticed Norris
 47273 | Vaults:3 | Killed Norris
 47556 | Vaults:3 | Identified the +4 robe of the Nightingale {+Blink Str+2
                  | Stlth+}
 47556 | Vaults:3 | Noticed Boris
 47558 | Vaults:3 | Killed Boris
 47565 | Vaults:3 | Reached XP level 24. HP: 183/197 MP: 22/45
 47574 | Vaults:3 | Noticed Xtahua
 47615 | Vaults:3 | Killed Xtahua
 47625 | Vaults:3 | Learned a level 8 spell: Maxwell's Capacitive Coupling
 48184 | Vaults:2 | Found Pisanyett's Assorted Antiques.
 48318 | Vaults:2 | Bought a faintly glowing ring mail for 279 gold pieces
 48318 | Vaults:2 | Identified the +0 ring mail of Isasesem {*Slow rC++ Int+9
                  | Stlth-} (You bought it in a shop on level 2 of the Vaults)
 48327 | Vaults:2 | Reached skill level 5 in Translocations
 48331 | Vaults:2 | Identified the +2 ring mail of Vyoffeqo {rC+ Str-3 Slay+3}
 48392 | Vaults:2 | Found a transporter.
 48392 | Vaults:2 | Found Garra's Jewellery Emporium.
 48422 | Vaults:2 | Found a transporter.
 48930 | Vaults:2 | Found Bocemul's Magic Scroll Emporium.
 48943 | Vaults:2 | Bought a scroll of blinking for 135 gold pieces
 48943 | Vaults:2 | Bought a scroll of revelation for 135 gold pieces
 48992 | Vaults:2 | Found a staircase to the Crypt.
 49007 | Vaults:2 | Found Zurgh's General Store.
 49017 | Vaults:2 | Bought a potion of cancellation for 176 gold pieces
 49186 | Vaults:2 | Identified the staff of Bankruptcy {rElec Str+2 Necro
                  | Earth}
 49325 | Crypt:1  | Entered Level 1 of the Crypt
 49458 | Crypt:3  | Entered Level 3 of the Crypt
 49499 | Crypt:3  | Noticed Sojobo
 49501 | Crypt:3  | Killed Sojobo
 49501 | Crypt:3  | Identified the +4 robe of Inquiry {Int+3}
 49501 | Crypt:3  | Noticed Boris
 49505 | Crypt:3  | Killed Boris
 49633 | Crypt:3  | Noticed a dread lich
 49634 | Crypt:3  | Killed a dread lich
 49642 | Crypt:3  | Found the +3 Mad Mage's Maulers {Infuse+∞ VampMP -Cast}
 49646 | Crypt:3  | Got an ivory gem with 1480 turns to spare
 49653 | Crypt:3  | Identified the +1 dire flail "Raisin" {freeze, rPois Int+6
                  | Dex-2 SInv}
 50154 | Crypt:3  | Found an ancient bone altar of Kikubaaqudgha.
 50266 | Crypt:3  | Found a staircase to the Tomb.
 50528 | Crypt:3  | Reached skill level 10 in Air Magic
 50764 | Crypt:3  | Learned a level 9 spell: Chain Lightning
 50998 | Crypt:3  | Identified the +1 quarterstaff "Fogy" {distort, Fly rPois
                  | rC+ rN++}
 51417 | Crypt:2  | Gained mutation: You can hurl damnation. [demonic ancestry]
 51417 | Crypt:2  | Reached XP level 25. HP: 204/204 MP: 45/45
 52521 | Crypt:1  | Identified the +1 scale mail of Undesirable Species {rF+
                  | rCorr Stlth+}
 53471 | Slime:1  | Entered Level 1 of the Pits of Slime
 53541 | Slime:5  | Entered Level 5 of the Pits of Slime
 53789 | Slime:5  | Noticed the Royal Jelly
 53793 | Slime:5  | Killed the Royal Jelly
 53798 | Slime:5  | Gained mutation: Your body sometimes deteriorates upon
                  | taking damage. [mutagenic glow]
 53916 | Slime:5  | Found the +2 Maxwell's thermic engine {flame, freeze, rev}
 53918 | Slime:5  | Identified the staff of Punishment {rC+ Int+4 Stlth+ Conj}
 53927 | Slime:5  | Got a starry gem with 175 turns to spare
 53929 | Slime:5  | Got a slimy rune of Zot
 53931 | Slime:5  | Got the Catalogue of the Scalding Grave
 53937 | Slime:5  | Identified the +4 hand axe of the Lamprey {venom, Str+2}
 53955 | Slime:5  | Got the Octavo of the Grounded Autopsy
 53957 | Slime:5  | Got Ofarphar's Opusculum on Percussion and Pyromancy
 53974 | Slime:5  | Identified the +1 ring mail of the Ditch-Digger {^Drain
                  | *Slow Will+++ Regen+}
 55210 | Slime:4  | Reached skill level 15 in Air Magic
 56066 | Hell     | Entered the Vestibule of Hell
 56066 | Hell     | Noticed Geryon
 56072 | Hell     | Killed Geryon
 56552 | Hell     | Found a gateway to the Iron City of Dis.
 56647 | Hell     | Found a gateway to the ashen valley of Gehenna.
 56692 | Hell     | Found a gateway to the decaying netherworld of Tartarus.
 56719 | Hell     | Reached XP level 26. HP: 211/211 MP: 45/45
 56866 | Zig:1    | Entered Level 1 of a ziggurat
 56913 | Zig:2    | Entered Level 2 of a ziggurat
 57040 | Zig:3    | Entered Level 3 of a ziggurat
 57063 | Zig:4    | Entered Level 4 of a ziggurat
 57085 | Zig:4    | Identified the +9 plate armour "Xisun" {Str+5}
 57088 | Zig:5    | Entered Level 5 of a ziggurat
 57106 | Zig:5    | Identified the amulet of Spite {Reflect Will+ Dex+4 SH+5}
 57123 | Zig:6    | Entered Level 6 of a ziggurat
 57153 | Zig:6    | Reached skill level 1 in Short Blades
 57289 | Zig:7    | Entered Level 7 of a ziggurat
 57308 | Zig:7    | Identified the staff of Yreveb {rF+ Int+4 Conj}
 57309 | Zig:7    | Identified the staff "Ufihugug" {rC+ rN+ Ice}
 57323 | Zig:8    | Entered Level 8 of a ziggurat
 57351 | Zig:8    | Got Qilitzonn's Excursus on Synthesis and Grit
 57366 | Zig:8    | Identified the +9 arbalest of Fortitude {heavy, rElec rF+++
                  | Int-5 Dex+4}
 57374 | Zig:9    | Entered Level 9 of a ziggurat
 57381 | Zig:9    | Found the +15 Maxwell's patent armour {-Cast -Tele rElec
                  | Will+ rCorr}
 57403 | Zig:9    | Identified the +8 scimitar "Xusithan" {freeze, *Rage rC+
                  | rN+}
 57427 | Zig:10   | Entered Level 10 of a ziggurat
 57449 | Zig:10   | Reached skill level 5 in Short Blades
 57458 | Zig:10   | Identified the staff of Ashenzari, Flying {rC+ rN+ Int-5
                  | Dex+4 Ice}
 57460 | Zig:10   | Got the Anthology of Sanguinolent Destiny
 57479 | Zig:11   | Entered Level 11 of a ziggurat
 57501 | Zig:11   | Identified the +8 chain mail "Tairr" {rF+ Str+2 Int+2}
 57505 | Zig:11   | Identified the ring "Pyomuni" {rPois rN+ rCorr}
 57517 | Zig:12   | Entered Level 12 of a ziggurat
 57557 | Zig:12   | Gained mutation: You are completely covered in yellow
                  | scales. (AC +4, rCorr) [demonic ancestry]
 57557 | Zig:12   | Reached XP level 27. HP: 217/217 MP: 45/45
 57581 | Zig:12   | Identified the +2 ring mail "Zizaic" {^Drain rPois rF+}
 57587 | Zig:13   | Entered Level 13 of a ziggurat
 57596 | Zig:13   | Noticed Zaoria the pandemonium lord
 57597 | Zig:13   | Reached skill level 1 in Long Blades
 57605 | Zig:13   | Killed Zaoria the pandemonium lord
 57721 | Zig:13   | Identified the ring of No Interval {EV+5 Dex+4}
 57744 | Zig:14   | Entered Level 14 of a ziggurat
 57794 | Zig:14   | Got the Omnibus of the Flock
 57825 | Zig:15   | Entered Level 15 of a ziggurat
 57842 | Zig:15   | Reached skill level 5 in Long Blades
 57966 | Zig:15   | Identified the staff of Pohiyf {rC+ Int-3 Dex+5 Ice}
 57967 | Zig:15   | Identified the +3 robe of Space {rElec Will+}
 57968 | Zig:15   | Identified the staff of the Freezing Messenger {rC+ Int+9
                  | Summ Ice}
 57973 | Zig:15   | Identified the +0 robe "Kioj" {^Drain Str+4 Dex+3 Stlth+}
 57974 | Zig:15   | Identified the +2 mace of Indignation {protect, Str+4}
 57996 | Zig:16   | Entered Level 16 of a ziggurat
 58004 | Zig:16   | Noticed a royal mummy
 58004 | Zig:16   | Noticed a royal mummy
 58006 | Zig:16   | Killed a royal mummy
 58006 | Zig:16   | Killed a royal mummy
 58007 | Zig:16   | Noticed a royal mummy
 58008 | Zig:16   | Noticed a royal mummy
 58009 | Zig:16   | Killed a royal mummy
 58010 | Zig:16   | Killed a royal mummy
 58010 | Zig:16   | Killed a royal mummy
 58156 | Zig:16   | Identified the +2 ring mail of Mordant Brilliance {rN+
                  | Will+ Slay+3}
 58165 | Zig:17   | Entered Level 17 of a ziggurat
 58177 | Zig:17   | Reached skill level 10 in Short Blades
 58196 | Zig:17   | Identified the +6 battleaxe of Distraction {drain, rC+}
 58210 | Zig:18   | Entered Level 18 of a ziggurat
 58217 | Zig:18   | Noticed a royal mummy
 58218 | Zig:18   | Killed a royal mummy
 58219 | Zig:18   | Reached skill level 1 in Ranged Weapons
 58220 | Zig:18   | Noticed a royal mummy
 58221 | Zig:18   | Killed a royal mummy
 58223 | Zig:18   | Noticed a royal mummy
 58225 | Zig:18   | Killed a royal mummy
 58225 | Zig:18   | Noticed a royal mummy
 58226 | Zig:18   | Killed a royal mummy
 58371 | Zig:18   | Identified the +6 spear "Zumnysk" {elec, Str+2 Int-2 SInv
                  | Stlth+}
 58377 | Zig:18   | Identified the +0 swamp dragon scales of Huihoep {rPois
                  | Will+ Str+5}
 58388 | Zig:19   | Entered Level 19 of a ziggurat
 58401 | Zig:19   | Reached skill level 5 in Ranged Weapons
 58412 | Zig:19   | Identified the +0 pair of gloves of Conscience {Fly Int+2
                  | Dex-2 Slay+2}
 58426 | Zig:19   | Got the Secrets of Points and the Maleficium
 58429 | Zig:19   | Identified the staff of the Flying Seeker {rElec rC+ rCorr
                  | Int-3 Ice Air}
 58479 | Zig:20   | Entered Level 20 of a ziggurat
 58495 | Zig:20   | Gained mutation: You occasionally lose the ability to drink
                  | potions when taking damage. [a neqoxec]
 58497 | Zig:20   | Noticed Kulum the pandemonium lord
 58501 | Zig:20   | Killed Kulum the pandemonium lord
 58549 | Zig:20   | Found the +7 hand cannon "Mule" {flame, backblast, rF+}
 58591 | Zig:20   | Identified the +1 ring mail of the Farrier {-Tele Rampage
                  | rF+ Str+4}
 58592 | Zig:20   | Identified the +4 dagger "Grim Tooth" {distort, rF+ rCorr
                  | Dex+3}
 58602 | Zig:21   | Entered Level 21 of a ziggurat
 58612 | Zig:21   | Killed a dread lich
 58613 | Zig:21   | Reached skill level 10 in Long Blades
 58618 | Zig:21   | Reached skill level 10 in Ranged Weapons
 58745 | Zig:21   | Identified the ring "Tyomp" {rF+ MP-9 AC+4 Str+4}
 58770 | Zig:21   | Identified the staff of Truth {^Drain rCorr Stlth+ Conj
                  | Ice}
 58775 | Zig:22   | Entered Level 22 of a ziggurat
 58822 | Zig:22   | Identified the +6 great sword "Grim Tooth" {flame, Int-4
                  | Dex+4 SInv}
 58842 | Zig:22   | Identified the +1 war axe of the Kissing Stoat {heavy,
                  | *Noise rC++ Str+2}
 58849 | Zig:23   | Entered Level 23 of a ziggurat
 58857 | Zig:23   | Noticed an ancient lich
 58858 | Zig:23   | Noticed a dread lich
 58860 | Zig:23   | Killed an ancient lich
 58860 | Zig:23   | Killed a dread lich
 58861 | Zig:23   | Killed an ancient lich
 58862 | Zig:23   | Killed a dread lich
 58870 | Zig:23   | Noticed a dread lich
 58872 | Zig:23   | Killed a dread lich
 58874 | Zig:23   | Noticed an ancient lich
 58874 | Zig:23   | Killed an ancient lich
 58874 | Zig:23   | Killed an ancient lich
 58875 | Zig:23   | Reached skill level 1 in Evocations
 58875 | Zig:23   | Noticed an ancient lich
 58878 | Zig:23   | Killed an ancient lich
 58901 | Zig:23   | Identified the ring "Xopp" {rElec rN+ AC+4}
 58924 | Zig:23   | Identified the +3 falchion of Grandeur {pain, Str+2}
 58928 | Zig:24   | Entered Level 24 of a ziggurat
 58965 | Zig:24   | Identified the staff "Killer Klown's Foe" {rPois rCorr MP+9
                  | Alchemy}
 58966 | Zig:24   | Identified the staff "Sipnaxt" {*Corrode +Blink rF+ Str+2
                  | Earth}
 58967 | Zig:24   | Identified the staff "Giant's Curse" {rPois Int+2 Dex-3
                  | Conj}
 58981 | Zig:24   | Identified the +1 halberd "Dragon's Tongue" {vamp, rElec
                  | Will- Dex+2}
 58985 | Zig:24   | Identified the staff of the Final Xenops {rElec rPois rF+
                  | Alchemy}
 58991 | Zig:25   | Entered Level 25 of a ziggurat
 58999 | Zig:25   | Noticed a royal mummy
 58999 | Zig:25   | Noticed a royal mummy
 58999 | Zig:25   | Noticed a royal mummy
 59001 | Zig:25   | Noticed a royal mummy
 59005 | Zig:25   | Noticed a royal mummy
 59006 | Zig:25   | Killed a royal mummy
 59006 | Zig:25   | Killed a royal mummy
 59006 | Zig:25   | Killed a royal mummy
 59006 | Zig:25   | Killed a royal mummy
 59008 | Zig:25   | Noticed a royal mummy
 59008 | Zig:25   | Noticed a royal mummy
 59008 | Zig:25   | Killed a royal mummy
 59009 | Zig:25   | Noticed a royal mummy
 59010 | Zig:25   | Killed a royal mummy
 59010 | Zig:25   | Killed a royal mummy
 59010 | Zig:25   | Noticed a royal mummy
 59010 | Zig:25   | Killed a royal mummy
 59010 | Zig:25   | Noticed a royal mummy
 59011 | Zig:25   | Killed a royal mummy
 59011 | Zig:25   | Noticed a royal mummy
 59012 | Zig:25   | Noticed a royal mummy
 59013 | Zig:25   | Killed a royal mummy
 59014 | Zig:25   | Killed a royal mummy
 59014 | Zig:25   | Noticed a royal mummy
 59014 | Zig:25   | Noticed a royal mummy
 59015 | Zig:25   | Killed a royal mummy
 59016 | Zig:25   | Killed a royal mummy
 59016 | Zig:25   | Noticed a royal mummy
 59016 | Zig:25   | Noticed a royal mummy
 59017 | Zig:25   | Killed a royal mummy
 59017 | Zig:25   | Noticed a royal mummy
 59018 | Zig:25   | Killed a royal mummy
 59018 | Zig:25   | Killed a royal mummy
 59019 | Zig:25   | Killed a royal mummy
 59020 | Zig:25   | Killed a royal mummy
 59055 | Zig:25   | Identified the ring "Aluddoes" {*Corrode rPois Will+ Dex+3}
 59062 | Zig:25   | Identified the staff "Liniaxiu" {Hexes Earth}
 59074 | Zig:25   | Identified the +5 morningstar of the Messenger {flame,
                  | *Noise rElec Will+}
 59127 | Zig:26   | Entered Level 26 of a ziggurat
 59150 | Zig:26   | Reached skill level 5 in Evocations
 59158 | Zig:26   | Found the ring of Shadows {Umbra +Inv Stlth+}
 59163 | Zig:26   | Identified the +2 pair of gloves of Starshine {+Inv rElec
                  | Str-5 SInv}
 59166 | Zig:26   | Identified the orb "Fagil" {guile, Fly Dex+4}
 59167 | Zig:26   | Identified the amulet of Vybb {Faith Will+}
 59173 | Zig:26   | Identified the staff of Paklonadd {rPois MP+9 Earth}
 59174 | Zig:26   | Identified the +0 robe of Geadituk {rN++}
 59194 | Zig:26   | Acquired a book of Party Tricks
 59211 | Zig:26   | Learned a level 7 spell: Spellforged Servitor
 59230 | Zig:27   | Entered Level 27 of a ziggurat
 59239 | Zig:27   | Noticed a royal mummy
 59239 | Zig:27   | Noticed a royal mummy
 59241 | Zig:27   | Noticed a royal mummy
 59241 | Zig:27   | Noticed a royal mummy
 59243 | Zig:27   | Killed a royal mummy
 59243 | Zig:27   | Noticed a royal mummy
 59243 | Zig:27   | Noticed a royal mummy
 59244 | Zig:27   | Killed a royal mummy
 59244 | Zig:27   | Killed a royal mummy
 59244 | Zig:27   | Killed a royal mummy
 59244 | Zig:27   | Noticed a royal mummy
 59246 | Zig:27   | Killed a royal mummy
 59246 | Zig:27   | Noticed a royal mummy
 59246 | Zig:27   | Noticed a royal mummy
 59246 | Zig:27   | Killed a royal mummy
 59247 | Zig:27   | Noticed a royal mummy
 59248 | Zig:27   | Killed a royal mummy
 59248 | Zig:27   | Killed a royal mummy
 59250 | Zig:27   | Killed a royal mummy
 59253 | Zig:27   | Killed a royal mummy
 59256 | Zig:27   | Noticed a royal mummy
 59259 | Zig:27   | Killed a royal mummy
 59261 | Zig:27   | Noticed a royal mummy
 59263 | Zig:27   | Killed a royal mummy
 59265 | Zig:27   | Noticed a royal mummy
 59267 | Zig:27   | Killed a royal mummy
 59333 | Zig:27   | Found the +5 Storm Queen's Shield {shock, Fly rElec}
 59334 | Zig:27   | Found the +1 robe of Vines {NoPotionHeal Regen++++}
 59344 | Zig:27   | Reached skill level 15 in Ranged Weapons
 59357 | Zig:27   | Identified the +0 chain mail of Restlessness {Str+2}
 59361 | Zig:27   | Identified the +1 dagger "Ziunt" {flame, rPois rF+}
 59362 | Zig:27   | Identified the staff of the Present {rPois Will++ Str-2 Ice
                  | Alchemy}
 59371 | Zig:27   | Identified the +0 great sword "Ryputs" {drain, rCorr Dex+2}
 59373 | Zig:27   | Upgraded the game from 0.32-a0-696-g5fa0bccb63 to
                  | 0.32-a0-702-gc29ba85809
 59375 | Zig:27   | Identified the +5 dagger "Lewame" {freeze, Dex+6}
 60006 | Pan      | Entered Pandemonium
 60197 | Pan      | Found a huge runed translucent gate.
 60199 | Pan      | Found a huge runed translucent gate.
 60201 | Pan      | Found a huge runed translucent gate.
 60206 | Pan      | Found a huge runed translucent gate.
 60242 | Pan      | Reached skill level 1 in Shapeshifting
 60356 | Pan      | Found an exit through the horrors of the Abyss.
 60780 | Pan      | Found a huge runed translucent gate.
 60780 | Pan      | Found a huge runed translucent gate.
 60780 | Pan      | Found a huge runed translucent gate.
 60785 | Pan      | Noticed Pujix the pandemonium lord
 60786 | Pan      | Killed Pujix the pandemonium lord
 60863 | Pan      | Entered the realm of Lom Lobon.
 61018 | Pan      | Found an exit through the horrors of the Abyss.
 61773 | Pan      | Reached skill level 5 in Shapeshifting
 61806 | Pan      | Noticed Lom Lobon
 61811 | Pan      | Killed Lom Lobon
 61864 | Pan      | Got a magical rune of Zot
 62094 | Pan      | Found an exit through the horrors of the Abyss.
 62111 | Pan      | Noticed Ymniclie the pandemonium lord
 62114 | Pan      | Killed Ymniclie the pandemonium lord
 62135 | Pan      | Identified the +3 chain mail "Koifar" {Int+3}
 62470 | Pan      | Noticed Geadee the pandemonium lord
 62474 | Pan      | Killed Geadee the pandemonium lord
 62556 | Pan      | Found an exit through the horrors of the Abyss.
 62727 | Pan      | Found an ancient bone altar of Kikubaaqudgha.
 62912 | Pan      | Entered the realm of Gloorx Vloq.
 62936 | Pan      | Reached skill level 10 in Shapeshifting
 63679 | Pan      | Noticed Gloorx Vloq
 63687 | Pan      | Killed Gloorx Vloq
 63693 | Pan      | Got a dark rune of Zot
 64458 | Pan      | Entered the realm of Cerebov.
 64516 | Pan      | Found the +6 sword of Cerebov {flame}
 64516 | Pan      | Noticed Cerebov
 64520 | Pan      | Killed Cerebov
 64744 | Pan      | Got a fiery rune of Zot
 64771 | Pan      | Identified the +1 bardiche "Vodafius" {freeze, *Rage rPois
                  | rF- rCorr}
 64773 | Pan      | Got the Spellbook of the Assistive Undead
 64774 | Pan      | Identified the +0 orcbow "Loitt" {antimagic, ^Fragile Fly
                  | rElec Dex+5}
 65119 | Pan      | Entered the realm of Mnoleg.
 65271 | Pan      | Reached skill level 15 in Shapeshifting
 65489 | Pan      | Noticed Mnoleg
 65496 | Pan      | Killed Mnoleg
 65867 | Pan      | Got a glowing rune of Zot
 65921 | Pan      | Found an exit through the horrors of the Abyss.
 66064 | Pan      | Lost mutation: Your body sometimes deteriorates upon taking
                  | damage. [potion of mutation]
 66064 | Pan      | Lost mutation: You occasionally lose the ability to drink
                  | potions when taking damage. [potion of mutation]
 66064 | Pan      | Gained mutation: You passively map a small area around you.
                  | [potion of mutation]
 66064 | Pan      | Gained mutation: You are agile. (Dex +4, Str/Int -1)
                  | [potion of mutation]
 66634 | Pan      | Found a transporter.
 66690 | Pan      | Found a transporter.
 66696 | Pan      | Identified the ring "Kubod" {AC+4 Str+4 Dex+5 Slay-6}
 66703 | Pan      | Identified the ring of Kuakalar {rC+ Will- Str+2 Int+7
                  | SInv}
 66716 | Pan      | Identified the +1 arbalest "Egeomaor" {elec, rF++ MP+9
                  | Str+3 Int-3}
 66732 | Pan      | Identified the +0 scale mail "Rezue" {Rampage rC- Dex+8}
 67034 | Pan      | Learned a level 1 spell: Apportation
 67059 | Pan      | Noticed Utaodor the pandemonium lord
 67062 | Pan      | Killed Utaodor the pandemonium lord
 67224 | Pan      | Found a runed translucent door.
 67230 | Pan      | Noticed Paixan the pandemonium lord
 67233 | Pan      | Found a runed translucent door.
 67238 | Pan      | Killed Paixan the pandemonium lord
 67239 | Pan      | Found a runed translucent door.
 67239 | Pan      | Found a runed translucent door.
 67247 | Pan      | Identified the +2 robe of the Eye-covered God {Str+5 Dex+2}
 67304 | Pan      | Found an exit through the horrors of the Abyss.
 67319 | Pan      | Gained mutation: You occasionally lose the ability to read
                  | scrolls when taking damage. [a neqoxec]
 67356 | Pan      | Found a huge runed translucent gate.
 67357 | Pan      | Found a huge runed translucent gate.
 67358 | Pan      | Found a huge runed translucent gate.
 67358 | Pan      | Found a huge runed translucent gate.
 67358 | Pan      | Found a huge runed translucent gate.
 67358 | Pan      | Found a huge runed translucent gate.
 67359 | Pan      | Found a huge runed translucent gate.
 67364 | Pan      | Noticed Boph the pandemonium lord
 67366 | Pan      | Killed Boph the pandemonium lord
 67418 | Pan      | Noticed Raovujitt the pandemonium lord
 67420 | Pan      | Killed Raovujitt the pandemonium lord
 67652 | Pan      | Noticed Mivvol the pandemonium lord
 67654 | Pan      | Killed Mivvol the pandemonium lord
 67706 | Pan      | Identified the +7 chain mail of Freedom {rN++}
 67992 | Pan      | Got a demonic rune of Zot
 67993 | Pan      | Lost mutation: You occasionally lose the ability to read
                  | scrolls when taking damage. [potion of mutation]
 67993 | Pan      | Lost mutation: You are agile. (Dex +4, Str/Int -1) [potion
                  | of mutation]
 67993 | Pan      | Gained mutation: You sometimes lose your temper in combat.
                  | [potion of mutation]
 67993 | Pan      | Gained mutation: You do not regenerate when monsters are
                  | visible. [potion of mutation]
 67994 | Pan      | Lost mutation: You do not regenerate when monsters are
                  | visible. [potion of mutation]
 67994 | Pan      | Lost mutation: You sometimes lose your temper in combat.
                  | [potion of mutation]
 67994 | Pan      | Lost mutation: You passively map a small area around you.
                  | [potion of mutation]
 67994 | Pan      | Gained mutation: You have a pair of small horns on your
                  | head. [potion of mutation]
 67994 | Pan      | Gained mutation: You are agile. (Dex +4, Str/Int -1)
                  | [potion of mutation]
 68484 | Pan      | Found a bloodstained altar of Trog.
 68559 | Pan      | Noticed Cianusiema the pandemonium lord
 68564 | Pan      | Killed Cianusiema the pandemonium lord
 68594 | Pan      | Found a runed translucent door.
 68594 | Pan      | Found a runed translucent door.
 68598 | Pan      | Noticed Ytugighik the pandemonium lord
 68603 | Pan      | Found a runed translucent door.
 68656 | Pan      | Killed Ytugighik the pandemonium lord
 68672 | Pan      | Found a runed translucent door.
 68754 | Pan      | Noticed Mennas
 68755 | Pan      | Killed Mennas
 68875 | Pan      | Noticed Ignacio
 68959 | Pan      | Killed Ignacio
 68976 | Pan      | Noticed Wailugou the pandemonium lord
 68979 | Pan      | Killed Wailugou the pandemonium lord
 69186 | Pan      | Found an exit through the horrors of the Abyss.
 69204 | Pan      | Took an exit into the Abyss.
 69204 | Abyss:1  | Escaped into the Abyss
 69398 | Abyss:3  | Found a corrupted altar of Lugonu.
 69547 | Abyss:3  | Found a transporter.
 69567 | Abyss:3  | Found a transporter.
 69578 | Abyss:3  | Noticed an ancient lich
 69579 | Abyss:3  | Killed an ancient lich
 69581 | Abyss:3  | Found a transporter.
 69586 | Abyss:3  | Got an abyssal rune of Zot
 69591 | Depths:2 | Escaped the Abyss
 70064 | Tomb:1   | Entered Level 1 of the Tomb of the Ancients
 70245 | Tomb:1   | Noticed a royal mummy
 70249 | Tomb:1   | Noticed a royal mummy
 70255 | Tomb:1   | Killed a royal mummy
 70328 | Tomb:2   | Noticed a royal mummy
 70328 | Tomb:2   | Noticed a royal mummy
 70329 | Tomb:2   | Noticed a royal mummy
 70330 | Tomb:2   | Noticed a royal mummy
 70331 | Tomb:2   | Killed a royal mummy
 70332 | Tomb:2   | Killed a royal mummy
 70333 | Tomb:2   | Killed a royal mummy
 70334 | Tomb:2   | Killed a royal mummy
 70340 | Tomb:2   | Reached skill level 1 in Shields
 70368 | Tomb:1   | Reached skill level 2 in Shields
 70369 | Tomb:1   | Reached skill level 3 in Shields
 70372 | Tomb:1   | Noticed a royal mummy
 70374 | Tomb:1   | Killed a royal mummy
 70375 | Tomb:1   | Noticed a royal mummy
 70376 | Tomb:1   | Noticed a royal mummy
 70377 | Tomb:1   | Killed a royal mummy
 70377 | Tomb:1   | Killed a royal mummy
 70377 | Tomb:1   | Noticed a royal mummy
 70378 | Tomb:1   | Reached skill level 4 in Shields
 70379 | Tomb:1   | Killed a royal mummy
 70380 | Tomb:1   | Reached skill level 5 in Shields
 70395 | Tomb:1   | Identified the +2 robe "Efik" {*Corrode rElec rC+ SInv}
 70395 | Tomb:1   | Noticed Boris
 70397 | Tomb:1   | Killed Boris
 70399 | Tomb:1   | Noticed a royal mummy
 70401 | Tomb:1   | Killed a royal mummy
 70401 | Tomb:1   | Killed a royal mummy
 70402 | Tomb:1   | Reached skill level 6 in Shields
 70409 | Tomb:1   | Noticed a royal mummy
 70410 | Tomb:1   | Noticed a royal mummy
 70411 | Tomb:1   | Killed a royal mummy
 70411 | Tomb:1   | Killed a royal mummy
 70416 | Tomb:1   | Noticed a royal mummy
 70419 | Tomb:1   | Killed a royal mummy
 70420 | Tomb:1   | Reached skill level 7 in Shields
 70420 | Tomb:1   | Noticed a royal mummy
 70421 | Tomb:1   | Killed a royal mummy
 70424 | Tomb:1   | Noticed a royal mummy
 70426 | Tomb:1   | Killed a royal mummy
 70428 | Tomb:1   | Noticed a royal mummy
 70431 | Tomb:1   | Killed a royal mummy
 70437 | Tomb:1   | Noticed a royal mummy
 70439 | Tomb:1   | Killed a royal mummy
 70440 | Tomb:1   | Reached skill level 8 in Shields
 70443 | Tomb:1   | Noticed a royal mummy
 70445 | Tomb:1   | Killed a royal mummy
 70449 | Tomb:1   | Noticed a royal mummy
 70451 | Tomb:1   | Noticed a royal mummy
 70451 | Tomb:1   | Noticed a royal mummy
 70452 | Tomb:1   | Killed a royal mummy
 70452 | Tomb:1   | Killed a royal mummy
 70453 | Tomb:1   | Reached skill level 9 in Shields
 70453 | Tomb:1   | Killed a royal mummy
 70459 | Tomb:1   | Noticed a royal mummy
 70460 | Tomb:1   | Killed a royal mummy
 70463 | Tomb:1   | Noticed a royal mummy
 70467 | Tomb:1   | Killed a royal mummy
 70523 | Tomb:1   | Noticed a royal mummy
 70531 | Tomb:1   | Killed a royal mummy
 70532 | Tomb:1   | Reached skill level 10 in Shields
 70532 | Tomb:1   | Noticed a royal mummy
 70538 | Tomb:1   | Killed a royal mummy
 70541 | Tomb:1   | Noticed a royal mummy
 70550 | Tomb:1   | Killed a royal mummy
 70551 | Tomb:1   | Noticed a royal mummy
 70560 | Tomb:1   | Killed a royal mummy
 70568 | Tomb:1   | Killed a royal mummy
 70608 | Tomb:1   | Noticed a royal mummy
 70610 | Tomb:1   | Noticed a royal mummy
 70612 | Tomb:1   | Killed a royal mummy
 70617 | Tomb:1   | Killed a royal mummy
 70618 | Tomb:1   | Reached skill level 11 in Shields
 70752 | Tomb:3   | Entered Level 3 of the Tomb of the Ancients
 70760 | Tomb:3   | Noticed a royal mummy
 70760 | Tomb:3   | Noticed a royal mummy
 70761 | Tomb:3   | Reached skill level 12 in Shields
 70761 | Tomb:3   | Killed a royal mummy
 70765 | Tomb:3   | Killed a royal mummy
 70775 | Tomb:3   | Identified the ring "Bias Kos" {rN+ Dex+3 Slay+4 SInv}
 70775 | Tomb:3   | Noticed a royal mummy
 70776 | Tomb:3   | Killed a royal mummy
 70777 | Tomb:3   | Reached skill level 13 in Shields
 70786 | Tomb:3   | Noticed a royal mummy
 70788 | Tomb:3   | Killed a royal mummy
 70788 | Tomb:3   | Noticed a royal mummy
 70791 | Tomb:3   | Killed a royal mummy
 70800 | Tomb:3   | Noticed a royal mummy
 70802 | Tomb:3   | Killed a royal mummy
 70808 | Tomb:3   | Noticed a royal mummy
 70810 | Tomb:3   | Killed a royal mummy
 70811 | Tomb:3   | Noticed a royal mummy
 70813 | Tomb:3   | Killed a royal mummy
 70814 | Tomb:3   | Reached skill level 14 in Shields
 70831 | Tomb:3   | Noticed a royal mummy
 70834 | Tomb:3   | Killed a royal mummy
 70868 | Tomb:3   | Got a sanguine gem with 959 turns to spare
 70883 | Tomb:3   | Got a golden rune of Zot
 71227 | Tomb:3   | Identified the amulet of the Shimmering Spines {Harm Regen+
                  | Dex+2}
 71258 | Tomb:3   | Identified the +4 falchion "Sutyzeow" {freeze, Int+4}
 71259 | Tomb:3   | Identified the +3 ring mail of Foolhardiness {Regen+ Str+3
                  | SInv}
 71308 | Tomb:3   | Identified the +2 short sword of the Bruised Lovers {flame,
                  | rN++}
 72185 | Tomb:2   | Reached skill level 15 in Shields
 73317 | Dis:1    | Entered Level 1 of the Iron City of Dis
 73566 | Dis:2    | Reached skill level 16 in Shields
 74304 | Dis:4    | Reached skill level 17 in Shields
 74928 | Dis:6    | Reached skill level 18 in Shields
 74969 | Dis:6    | Reached skill level 19 in Shields
 75172 | Dis:7    | Entered Level 7 of the Iron City of Dis
 75639 | Dis:7    | Reached skill level 20 in Shields
 75827 | Dis:7    | Noticed a juggernaut
 75831 | Dis:7    | Killed a juggernaut
 76003 | Dis:7    | Identified the +10 flail of Courage {vamp, rPois}
 76012 | Dis:7    | Identified the staff of Ykumpyef {Fly Str-4 Stlth+ Conj
                  | Earth}
 76017 | Dis:7    | Identified the +2 mace "Kayxoxit" {freeze, Dex+4}
 76955 | Dis:7    | Reached skill level 21 in Shields
 77493 | Dis:7    | Noticed a juggernaut
 77497 | Dis:7    | Killed a juggernaut
 77847 | Dis:7    | Reached skill level 22 in Shields
 78186 | Dis:7    | Noticed the Serpent of Hell
 78190 | Dis:7    | Killed the Serpent of Hell
 78205 | Dis:7    | Noticed Dispater
 78209 | Dis:7    | Killed Dispater
 78243 | Dis:7    | Got an iron rune of Zot
 78722 | Hell     | Found a gateway to the freezing wastes of Cocytus.
 78734 | Coc:1    | Entered Level 1 of Cocytus
 79214 | Coc:3    | Reached skill level 23 in Shields
 79812 | Coc:5    | Reached skill level 24 in Shields
 80519 | Coc:7    | Entered Level 7 of Cocytus
 80546 | Coc:7    | Reached skill level 25 in Shields
 80590 | Coc:7    | Reached skill level 26 in Shields
 80945 | Coc:7    | Paralysed by a wendigo for 1 turns
 81075 | Coc:7    | Paralysed by a wendigo for 1 turns
 81261 | Coc:7    | Paralysed by a wendigo for 1 turns
 81654 | Coc:7    | Noticed Antaeus
 81657 | Coc:7    | Killed Antaeus
 81658 | Coc:7    | Reached skill level 27 in Shields
 81716 | Coc:7    | Got Vaseoxam's Almanac of Injurious Necromancy
 81718 | Coc:7    | Got an icy rune of Zot
 81809 | Coc:7    | Identified the staff "Jone" {rN+ rCorr Str+3 Necro Tloc}
 81844 | Coc:7    | Identified the +5 battleaxe "Dragon's Death Toll" {heavy,
                  | +Blink rF+ Str+2 Dex+3}
 81985 | Geh:1    | Entered Level 1 of Gehenna
 84180 | Geh:7    | Entered Level 7 of Gehenna
 85210 | Geh:7    | Found the +13 sceptre of Asmodeus
 85210 | Geh:7    | Noticed Asmodeus
 85215 | Geh:7    | Killed Asmodeus
 85227 | Geh:7    | Identified the +2 pair of boots of Restlessness {rC++ Dex+3
                  | SInv}
 85230 | Geh:7    | Got an obsidian rune of Zot
 86070 | Tar:1    | Entered Level 1 of Tartarus
 86087 | Tar:1    | Noticed an ancient lich
 86091 | Tar:1    | Killed an ancient lich
 86469 | Tar:2    | Noticed an ancient lich
 86492 | Tar:2    | Killed an ancient lich
 87405 | Tar:5    | Reached skill level 10 in Evocations
 88153 | Tar:7    | Entered Level 7 of Tartarus
 89016 | Tar:7    | Identified the ring of Cethar {rN+ Str+6 Int-2 SInv}
 89019 | Tar:7    | Identified the +5 morningstar "Waucweurgh" {speed, Int+2
                  | Dex+3 Stlth-}
 89305 | Tar:7    | Noticed Ereshkigal
 89309 | Tar:7    | Killed Ereshkigal
 89326 | Tar:7    | Identified the amulet of the Firefly {-Tele +Inv Regen+
                  | Slay+3}
 89337 | Tar:7    | Got a bone rune of Zot
 89339 | Tar:7    | Identified the ring "Igicar Atyug" {rPois rC+ Str+3 Dex+2}
 89343 | Tar:7    | Identified the +1 robe of Vugiw {Dex+6}
 89344 | Tar:7    | Identified the +10 arbalest of Lorphypt {elec, rC+}
 90229 | Tar:7    | Identified the +0 battleaxe of Plunder {protect, Int+3
                  | SInv}
 90995 | Zot:1    | Entered Level 1 of the Realm of Zot
 91039 | Zot:3    | Noticed a dread lich
 91040 | Zot:3    | Killed a dread lich
 91070 | Zot:3    | Acquired the ring of the Hippo {rElec Will+ Int+6 Dex+3}
 91204 | Zot:5    | Entered Level 5 of the Realm of Zot
 91205 | Zot:5    | Noticed an orb of fire
 91208 | Zot:5    | Noticed a dread lich
 91209 | Zot:5    | Killed an orb of fire
 91209 | Zot:5    | Noticed an orb of fire
 91211 | Zot:5    | Killed a dread lich
 91213 | Zot:5    | Killed an orb of fire
 91218 | Zot:5    | Got a prismatic gem with 788 turns to spare
 91244 | Zot:5    | Noticed a dread lich
 91246 | Zot:5    | Killed a dread lich
 91258 | Zot:5    | Noticed an orb of fire
 91278 | Zot:5    | Killed an orb of fire
 92125 | Zot:4    | Found a stormy altar of Qazlal.
 93186 | Zot:3    | Identified the +1 war axe of Cataclysm {flame, *Rage rCorr
                  | Str+2 Int+3}
 93347 | Zot:2    | Noticed Vv
 93354 | Zot:2    | Killed Vv
 94050 | Zot:2    | Identified the +1 pair of gloves "Pamay" {^Contam Harm
                  | Int+7}
 95771 | Zot:5    | Got the Orb of Zot
 96055 | D:15     | Noticed Xomiur the pandemonium lord
 96059 | D:15     | Killed Xomiur the pandemonium lord
 96063 | D:15     | Noticed Tamy the pandemonium lord
 96064 | D:15     | Killed Tamy the pandemonium lord
 96108 | D:12     | Noticed Focish the pandemonium lord
 96109 | D:12     | Killed Focish the pandemonium lord
 96263 | Orc:2    | Noticed Azrael
 96266 | Orc:2    | Killed Azrael
 96295 | Orc:1    | Found Byoqugoo's Antique Armour Shoppe.
 96502 | D:3      | Noticed Usankous the pandemonium lord
 96503 | D:3      | Killed Usankous the pandemonium lord
 96553 | D:$      | Escaped with the Orb!

Illustrated notes

Levels and vault maps discovered:
D:1:      minmay_arrival_five_plusses, layout_loops_corners,
          minmay_stone_trees_large
D:2:      layout_loops_ring
D:3:      layout_loops_ring, grunt_temple_overflow_gold_and_silver,
          mainiacjoe_overflow_six_doors_small, nicolae_vehumet_altar_sigil,
          nicolae_tso_carved_into_rock
D:4:      layout_gridville
D:5:      layout_basic, serial_shops, nicolae_shop_rolled_up
D:6:      layout_loops_cross, minmay_temple_entry_nine_rooms, serial_shops,
          kennysheep_little_box
D:7:      layout_basic, eat_drink_and_be_merry_uskayaw, uniq_crazy_yiuf_cottage
D:8:      layout_basic, elyvilon_altar_3, hellmonk_lair_entry_icy,
          enter_bailey_4, eino_jars, uniq_prince_ribbit1, uniq_jeremiah
D:9:      layout_layer_cave, ashenzari_conservatory_becter
D:10:     layout_roguey, overflow_temple_1_default,
          gammafunk_temple_overflow_forgotten, nemelex_diamond_rough_becter,
          hiddenorc1_lemuel
D:11:     layout_stronghold, nicolae_have_a_lightning_rod
D:12:     layout_basic, moated_statue
D:13:     layout_cave_pools, grunt_vaults_entry_fortified, nicolae_sextant,
          minmay_holes, dreamdust_mushroom_princess
D:14:     layout_basic, bh_walls_and_bars, serial_shops, nicolae_shop_crystal,
          chequers_decorated_corner, minmay_hedge_maze,
          trog_three_pillars_becter, uniq_frances, uniq_snorg, uniq_kirke
D:15:     hellmonk_depths_entry_around_the_bend, layout_long_grid,
          minmay_misc_feat_enclosed
Lair:1:   layout_small_grid, gauntlet_entry_generic, basic_altar,
          serial_bayou_lagoon_b, infiniplex_staircase_pool_2
Lair:2:   layout_regular_city, elwin_shoals_entry_rocks,
          portal_ice_cave_entry_imps, eino_house_with_fridge, uniq_erica
Lair:3:   layout_loops_ring, nicolae_spider_entry_non_spiders,
          grunt_forest_stairs_basic, chequers_serial_rivers_large_b,
          serial_bayou_shore_a
Lair:4:   layout_cave_shapes
Lair:5:   hangedman_lair_caniforms_friends, layout_loops_ring,
          guppyfry_lair_end_dragon, slime_entry_1
Shoals:1: layout_shoals
Shoals:2: layout_shoals, serial_shops, nicolae_stop_n_shop_2,
          nicolae_shoals_beach_cooler
Shoals:3: nicolae_shoals_lighthouse, layout_shoals, yaktaur_hedge
Shoals:4: shoals_end_hellmonk_storm_palace [storm_palace_center_ruins,
          storm_palace_corner_reverse_hut, storm_palace_corner_blocked,
          storm_palace_corner_narrow, storm_palace_corner_pillars], uniq_nikola
Spider:1: layout_spider_delve
Spider:2: layout_spider_delve
Spider:3: layout_spider_delve, nicolae_spider_moth_buddies
Spider:4: spider_rune_water
Slime:1:  layout_caves
Slime:2:  layout_caves
Slime:3:  layout_caves
Slime:4:  layout_caves
Slime:5:  slime_pit_nicolae_royal_road_to_ruin
Orc:1:    layout_caves, serial_shops, shop
Orc:2:    grunt_orc_gardens, layout_diamond_mine, grunt_orc_garden,
          grunt_orc_garden, grunt_orc_garden, grunt_orc_garden, basic_altar,
          bloody_makhleb, uniq_maurice, uniq_erolcha, uniq_azrael
Elf:1:    elf_arrival_001, layout_geoelf_diagonals, hangedman_elf_disciples
Elf:2:    nicolae_elf_blades_crystal_corner, layout_onion_city, serial_shops,
          shop, drop_trap, uniq_louise, uniq_aizul, uniq_donald
Elf:3:    minmay_elf_hall_curves, layout_loops_cross
Vaults:1: v_pattern_4, nicolae_vaults_apartment_1, ontoclasm_vaults_shuriken,
          vaults_dpeg_emergency_exit, nicolae_vaults_big_angled_halls,
          nicolae_vaults_wine_cellar, ontoclasm_vaults_pinch,
          nicolae_vaults_angled_halls, nicolae_vaults_diamond_1,
          vaults_dpeg_ring, nicolae_vaults_tetromino_T_2, v_alt_pattern_3,
          layout_vaults_omnigrid
Vaults:2: portal_desolation_entry_twin_temple,
          nicolae_vaults_offset_grid_hallway_4, nicolae_vaults_meeting,
          v_rooms_1, nicolae_vaults_surprise_closet,
          nicolae_vaults_trapezoid_lopsided_3,
          nicolae_vaults_trapezoid_lopsided_3, nicolae_vaults_little_squares_1,
          layout_vaults_big_room, dummy_crypt_entry, serial_shops,
          nicolae_shop_drivethru, nicolae_lakefront_shop, nicolae_square_shop,
          shop
Vaults:3: mu_enter_wizlab_4, nicolae_vaults_stairing_the_circle,
          nicolae_vaults_ninety_degrees, v_misc_17, nicolae_vaults_cochlea,
          nicolae_vaults_oval_intersection, ontoclasm_vaults_fire_temple,
          nicolae_vaults_storage_room_glass, nicolae_vaults_closet_pinwheel_4,
          nicolae_vaults_what_the_h, layout_vaults_omnicross, uniq_xtahua,
          uniq_norris
Vaults:4: nicolae_vaults_good_morning_starshine, vaults_standard_mumra_lines,
          vaults_room_boxed, nicolae_vaults_triangles, vaults_room_fours,
          nicolae_vaults_closet_pinwheel_5, nicolae_vaults_sightless_eye,
          nicolae_vaults_tetromino_T_2, layout_vaults_omnibox
Vaults:5
Crypt:1:  layout_misc_corridors, amcnicky_mini_corridor_feature,
          grunt_crypt_arrival_webbed
Crypt:2:  layout_chaotic_city, minivault_4
Crypt:3:  due_elkab, layout_chaotic_city, basic_altar, uniq_sojobo
Tomb:1
Tomb:2
Tomb:3
Depths:1: minmay_the_grid_triangle_9x9_recursive_2
          [minmay_the_grid_triangle_9x9_prize_insulated,
          minmay_the_grid_triangle_9x9_cache,
          minmay_the_grid_triangle_9x9_steps,
          minmay_the_grid_triangle_9x9_flanged_cone], layout_gridville,
          hell_entry, pan_entry, grunt_gozag_statues, nrook_campfire,
          nicolae_eternal_life, kb_rosetta
Depths:2: minmay_big_diamond_grid, layout_cave_shapes, enter_ziggurat_a,
          hell_entry, rand_demon_pan_entry_5, abyss_entry, serial_bayou_ford_a
Depths:3: four-leaf_vault, layout_basic, nicolae_twisty_statue_hallways,
          pf_vacation_house_of_asmodeus, abyss_entry, minmay_shoptagon,
          uniq_boris
Depths:4: evilmike_zot_entry_diamond, layout_gridville, grunt_hell_horde,
          minmay_misc_feat_plants, nicolae_abyss_entry_one_way_or_another,
          nicolae_concentric_dashed_squares_mild, uniq_josephina
Hell
Dis:1:    layout_regular_city
Dis:2:    layout_subdivisions
Dis:3:    layout_jigsaw
Dis:4:    layout_subdivisions
Dis:5:    layout_subdivisions
Dis:6:    layout_regular_city
Dis:7:    dis_st
Geh:1:    layout_gehenna_lava_caves, nicolae_geh_lavax
Geh:2:    layout_gehenna_lava_caves
Geh:3:    layout_gehenna_lava_caves
Geh:4:    layout_gehenna_pools_box, lemuel_flamethrower_3
Geh:5:    layout_gehenna_pools_triple
Geh:6:    layout_gehenna_lava_caves
Geh:7:    geh_grunt_pentagon
Coc:1:    layout_cocytus_delve, nicolae_hells_seeping_fissure
Coc:2:    layout_ice_bergs
Coc:3:    layout_cocytus_water_paths
Coc:4:    layout_cocytus_water_paths
Coc:5:    layout_ice_bergs
Coc:6:    layout_ice_bergs
Coc:7:    coc_grunt_cove [coc_grunt_cove_antaeus, coc_grunt_cove_fiend,
          coc_grunt_cove_fiend, coc_grunt_cove_fiend, coc_grunt_cove_fiend]
Tar:1:    layout_cathedral_of_symmetry
Tar:2:    layout_honeycomb
Tar:3:    layout_cathedral_of_symmetry, nicolae_tar_cuneiform_three,
          nicolae_tar_combbox
Tar:4:    layout_honeycomb
Tar:5:    layout_grid_maze, evilmike_ambush [evilmike_ambush_outer_basic,
          evilmike_ambush_inner_basic]
Tar:6:    layout_grid_maze
Tar:7:    tar_minmay_river
Zot:1:    layout_misc_corridors, regret_index_zotdec_gossamer_parallel
Zot:2:    layout_gridlike, regret_index_zotdec_stipple_waver, uniq_vv
Zot:3:    hangedman_snap_crack_crunch, layout_concentric_octagons,
          hangedman_zot_decor_checkerboard, st_large_dragon_hoard_1
Zot:4:    nicolae_zot_draconian_monastery, layout_basic
Zot:5:    layout_twisted_circle, grunt_ministairs_13

Skill      XL: |  1  2  3  4  5  6  7  8  9 10 11 12 13 14 15 16 17 18 19 20 21 22 23 24 25 26 27 |
---------------+----------------------------------------------------------------------------------+-----
Fighting       | 1 2 3 4 5 6 8 9 10 12 13 14 15 16 17 18 22 | 22.4
Alchemy        | 4 5 6 7 8 10 | 10.0
Spellcasting   | 3 4 5 6 8 9 10 11 12 13 14 15 16 17 18 21 | 21.6
Fire Magic     | 1 4 7 9 11 13 14 16 18 19 20 21 22 25 | 25.4
Conjurations   | 4 5 7 11 15 18 21 22 26 | 26.0
Air Magic      | 3 5 10 17 19 25 | 25.4
Dodging        | 2 6 10 14 15 20 | 20.0
Translocations | 4 8 |  8.0
Short Blades   | 6 12 | 12.4
Long Blades    | 14 | 14.1
Ranged Weapons | 18 | 18.0
Evocations     | 13 | 13.9
Summonings     | 7 |  7.3
Shapeshifting  | 23 | 23.0
Shields        | 27 | 27.0
Stealth        | |  1.7

Action                     |  1- 3 |  4- 6 |  7- 9 | 10-12 | 13-15 | 16-18 | 19-21 | 22-24 | 25-27 || total
---------------------------+-------+-------+-------+-------+-------+-------+-------+-------+-------++-------
  Melee: Dagger            |     7 |       |       |       |       |       |       |       |       ||     7
         Short sword       |    41 |    51 |   107 |    56 |   105 |    20 |    17 |   147 |    33 ||   577
         Tailslap          |       |       |    11 |    11 |    23 |     2 |     4 |    52 |   310 ||   413
         Staff             |       |       |       |       |       |       |       |       |    29 ||    29
         Double sword      |       |       |       |       |       |       |       |       |   743 ||   743
         Quick blade       |       |       |       |       |       |       |       |       |   317 ||   317
         Headbutt          |       |       |       |       |       |       |       |       |   285 ||   285
         Greatsling        |       |       |       |       |       |       |       |       |     1 ||     1
   Fire: Greatsling        |       |       |       |       |       |       |       |       |  3470 ||  3470
         Hand cannon       |       |       |       |       |       |       |       |       |     2 ||     2
   Cast: Sting             |    64 |    97 |    34 |     2 |     1 |       |       |       |       ||   198
         Mephitic Cloud    |       |     1 |     9 |     8 |     1 |     1 |       |       |       ||    20
         Olgreb's Toxic Ra |       |     2 |    45 |    75 |   150 |    86 |    31 |       |       ||   389
         Scorch            |       |       |     9 |    17 |     5 |       |       |       |       ||    31
         Sticky Flame      |       |       |     2 |    19 |    13 |       |       |       |       ||    34
         Ignite Poison     |       |       |       |    50 |   119 |    78 |    15 |       |       ||   262
         Fireball          |       |       |       |    10 |    74 |    20 |    41 |     4 |       ||   149
         Plasma Beam       |       |       |       |       |    58 |   152 |   207 |    77 |     8 ||   502
         Ignition          |       |       |       |       |    20 |   130 |    89 |    72 |   184 ||   495
         Airstrike         |       |       |       |       |       |    15 |    75 |       |       ||    90
         Fire Storm        |       |       |       |       |       |       |    53 |   264 |   785 ||  1102
         Blink             |       |       |       |       |       |       |       |     7 |    13 ||    20
         Chain Lightning   |       |       |       |       |       |       |       |       |   223 ||   223
         Maxwell's Capacit |       |       |       |       |       |       |       |       |    66 ||    66
         Apportation       |       |       |       |       |       |       |       |       |     4 ||     4
Ability: Hurl Damnation    |       |       |       |       |       |       |       |       |     2 ||     2
         Begin Untransform |       |       |       |       |       |       |       |       |     5 ||     5
  Evoke: Wand              |       |       |       |     2 |     5 |     4 |       |     1 |     5 ||    17
         Lightning rod     |       |       |       |       |       |     2 |       |       |       ||     2
         Phial of floods   |       |       |       |       |       |       |     1 |       |       ||     1
         Condenser vane    |       |       |       |       |       |       |       |     1 |       ||     1
    Use: Scroll            |       |       |     6 |     2 |    18 |     2 |     1 |     4 |    39 ||    72
         Potion            |       |       |       |       |     2 |       |       |     3 |    31 ||    36
   Stab: Sleeping          |     1 |       |     2 |       |       |       |       |       |       ||     3
         Confused          |       |     1 |     3 |     1 |       |       |       |       |       ||     5
         Distracted        |       |       |       |     1 |       |       |       |       |     3 ||     4
 Armour: Robe              |     8 |    43 |    53 |    26 |     2 |       |    40 |   209 |   955 ||  1336
         Steam dragon scal |       |       |       |    32 |       |       |       |       |       ||    32
         Swamp dragon scal |       |       |       |     7 |   232 |   149 |   125 |       |       ||   513
         Skin              |       |       |       |       |       |       |       |       |    34 ||    34
  Dodge: Dodged            |    27 |    74 |   111 |    69 |    94 |    39 |    49 |   176 |   674 ||  1313
  Block: Other             |     8 |     3 |       |       |       |       |       |       |       ||    11
         Tower shield      |       |       |       |       |       |       |       |       |   830 ||   830
         Kite shield       |       |       |       |       |       |       |       |       |    86 ||    86
   Form: Death             |       |       |       |       |       |       |       |       |     6 ||     6

Table legend: (Time is in decaauts)
 A = Elapsed time spent in this place.
 B = Non-inter-level travel time spent in this place.
 C = Inter-level travel time spent in this place.
 D = Time resting spent in this place.
 E = Time spent auto-exploring this place.
 F = Levels seen in this place.
 G = Mean time per level.
                   A        B        C        D        E       F      G
               +--------+--------+--------+--------+--------+-----+--------+
         Total |  95412 |  87589 |   7823 |  16261 |  49248 | 146 |  653.5 |
       Dungeon |  16334 |  14391 |   1943 |   1584 |  10692 |  15 | 1088.9 |
          Lair |   6588 |   5915 |    673 |    994 |   3555 |   5 | 1317.6 |
        Shoals |   3839 |   3687 |    152 |    442 |   2354 |   4 |  959.8 |
   Spider Nest |   3105 |   2837 |    268 |    529 |   1690 |   4 |  776.2 |
    Slime Pits |   2281 |   2081 |    200 |    160 |   1373 |   5 |  456.2 |
  Orcish Mines |   2355 |   2097 |    258 |    913 |    803 |   2 | 1177.5 |
   Elven Halls |   4052 |   3742 |    310 |    775 |   1995 |   3 | 1350.7 |
        Vaults |   7036 |   6352 |    684 |    429 |   3947 |   5 | 1407.2 |
         Crypt |   4002 |   3635 |    367 |    362 |   2538 |   3 | 1334.0 |
          Tomb |   2535 |   2098 |    437 |      9 |   1120 |   3 |  845.0 |
        Depths |   6247 |   5158 |   1089 |   1470 |   2460 |   4 | 1561.8 |
          Hell |    932 |    742 |    190 |    181 |    353 |   1 |  932.0 |
           Dis |   5042 |   4822 |    220 |   2081 |   1809 |   7 |  720.3 |
       Gehenna |   3898 |   3731 |    167 |    881 |   2244 |   7 |  556.9 |
       Cocytus |   3008 |   2849 |    159 |    117 |   1989 |   7 |  429.7 |
      Tartarus |   4566 |   4244 |    322 |    693 |   2564 |   7 |  652.3 |
           Zot |   4709 |   4329 |    380 |    454 |   2901 |   5 |  941.8 |
         Abyss |    364 |    364 |      0 |      0 |    220 |   3 |  121.3 |
   Pandemonium |   8686 |   8686 |      0 |   2030 |   3502 |  24 |  361.9 |
      Ziggurat |   2650 |   2650 |      0 |    995 |    115 |  27 |   98.1 |
        Bailey |    488 |    488 |      0 |    222 |    124 |   1 |  488.0 |
      Ice Cave |    607 |    607 |      0 |    434 |     26 |   1 |  607.0 |
        Wizlab |    566 |    566 |      0 |    154 |    208 |   1 |  566.0 |
    Desolation |    911 |    911 |      0 |    111 |    553 |   1 |  911.0 |
      Gauntlet |    602 |    602 |      0 |    239 |    112 |   1 |  602.0 |
               +--------+--------+--------+--------+--------+-----+--------+

Top non-repeatable levels by time:
   Dis:7: 3226 daAuts
   Tar:7: 2615 daAuts
Vaults:5: 2016 daAuts
 Crypt:3: 1965 daAuts
  Lair:5: 1950 daAuts
Depths:2: 1823 daAuts
   Geh:7: 1797 daAuts
   Elf:2: 1654 daAuts
   Orc:2: 1624 daAuts
Vaults:2: 1602 daAuts
Depths:3: 1540 daAuts
Vaults:4: 1515 daAuts
Depths:1: 1508 daAuts
  Tomb:1: 1405 daAuts
Depths:4: 1375 daAuts
